 Dungeon Crawl Stone Soup version 0.29-a0-362-g5854e031c7 (webtiles) character file.

Game seed: 6085944910528924066

570647 spaghetti the Acrobat (level 25, -1/213 HPs)
             Began as a Demonspawn Gladiator on Apr 30, 2022.
             Was the Champion of Cheibriados.
             Slain by a reaper
             ... wielding a +4 scythe of protection
              (12 damage)
             ... in the Vestibule of Hell.
             The game lasted 03:33:42 (80974 turns).

spaghetti the Acrobat (Demonspawn Gladiator)       Turns: 80974, Time: 03:33:43

Health: -1/213     AC: 33    Str: 28    XL:     25   Next: 7%
Magic:  10/32      EV: 39    Int: 34    God:    Cheibriados [******]
Gold:   8058       SH: 13    Dex: 42    Spells: 12/24 levels left

rFire   . . .      SeeInvis +   b - +9 demon whip (spect) {mace}
rCold   . . .      Faith    +   c - +3 warlock's mirror {reflect}
rNeg    . . .      Spirit   .   A - +7 plate armour of Ossysch {+Inv rElec rPois Str-3}
rPois   +          Reflect  +   y - +2 hat "Seosuw" {rElec Int-4 Dex+7}
rElec   +          Harm     .   u - +2 cloak
rCorr   .          Rampage  .   (gloves unavailable)
Will    ++...                   p - +2 pair of boots
Stlth   ..........              B - amulet of faith {!P}
HPRegen 0.45/turn               J - +4 ring of slaying
MPRegen 0.23/turn               P - ring of Evymycw {Int+6 Slay+4 SInv}

@: mighty, lethally poisoned (-1 -> -3), death channelling, corroded, studying
Staves, very slow
A: slimy green scales 3, demonic guardian 1, spiny 3, augmentation 3, demonic
touch 3, agile 1, strong-willed 1, subdued magic 2
}: 4/15 runes: decaying, serpentine, slimy, silver
a: Renounce Religion, Evoke Invisibility, Bend Time, Temporal Distortion,
Slouch, Step From Time


You were in the Vestibule of Hell.
You worshipped Cheibriados.
Cheibriados was exalted by your worship.
You visited 13 branches of the dungeon, and saw 54 of its levels.
You visited the Abyss 3 times.
You also visited: Trove.

You collected 11114 gold pieces.
You spent 3056 gold pieces at shops.


Innate Abilities, Weirdness & Mutations

You are completely covered in slimy green scales. (AC +4, rPois)
A weak demonic guardian rushes to your aid.
You are completely covered in sharp spines.
Your magical and physical power is greatly enhanced at high health.
Your touch may irresistibly damage your foes and sap their willpower.
You are agile. (Dex +2)
You are strong-willed. (Will+)
Your spells are easier to cast, but less powerful.


   Skills:
 - Level 20.9 Fighting
 - Level 13.8(14.0) Maces & Flails
 - Level 3.3(9.5) Staves
 - Level 16.0 Throwing
 - Level 15.0 Armour
 + Level 25.3 Dodging
 - Level 8.9 Shields
 - Level 14.4 Necromancy
 - Level 12.0 Invocations


You had 12 spell levels left.
You knew the following spells:

 Your Spells              Type           Power      Damage    Failure   Level
a - Death Channel         Necr           28%        N/A       16%         6
b - Animate Dead          Necr           28%        N/A       1%          4
c - Wereblood             Tmut           0%         N/A       54%         2

Your spell library contained the following spells:

 Spells                   Type           Power      Damage    Failure   Level
 Sublimation of Blood     Necr           57%        N/A       1%          2
 Vampiric Draining        Necr           57%        2d10      1%          3
 Dispel Undead            Necr           57%        3d20      1%          4
 Corpse Rot               Necr/Air       60%        N/A       2%          2
 Agony                    Necr           57%        N/A       2%          5
 Excruciating Wounds      Necr           28%        N/A       2%          5
 Anguish                  Hex/Necr       15%        N/A       21%         4
 Foxfire                  Conj/Fire      0%         2x1d4     41%         1
 Magic Dart               Conj           0%         1d3       41%         1
 Shock                    Conj/Air       0%         1d3       41%         1
 Slow                     Hex            0%         N/A       41%         1
 Sting                    Tmut/Pois      0%         1d3       41%         1
 Call Imp                 Summ           0%         N/A       54%         2
 Ensorcelled Hibernation  Hex/Ice        0%         N/A       54%         2
 Poisonous Vapours        Pois/Air       0%         N/A       54%         2
 Static Discharge         Conj/Air       0%         N/A       54%         2
 Borgnjor's Vile Clutch   Necr/Erth      15%        N/A       54%         5
 Confusing Touch          Hex            0%         N/A       80%         3
 Conjure Flame            Conj/Fire      0%         6-21      80%         3
 Dazzling Flash           Conj/Hex       0%         N/A       80%         3
 Gell's Gravitas          Tloc           0%         N/A       80%         3
 Ignite Poison            Fire/Tmut/Pois 0%         N/A       80%         3
 Inner Flame              Hex/Fire       0%         N/A       80%         3
 Mephitic Cloud           Conj/Pois/Air  0%         N/A       80%         3
 Ozocubu's Armour         Ice            0%         N/A       80%         3
 Portal Projectile        Hex/Tloc       0%         N/A       80%         3
 Spider Form              Tmut/Pois      0%         N/A       80%         3
 Swiftness                Air            0%         N/A       80%         3
 Teleport Other           Tloc           0%         N/A       80%         3
 Tukima's Dance           Hex            0%         N/A       80%         3
 Simulacrum               Ice/Necr       15%        N/A       98%         6
 Airstrike                Air            0%         N/A       99%         4
 Animate Armour           Summ/Erth      0%         N/A       99%         4
 Cause Fear               Hex            0%         N/A       99%         4
 Flame Wave               Conj/Fire      0%         2d4       99%         4
 Hailstorm                Conj/Ice       0%         3d3       99%         4
 Ice Form                 Ice/Tmut       0%         N/A       99%         4
 Iskenderun's Mystic Bla  Conj/Tloc      0%         2d3       99%         4
 Leda's Liquefaction      Hex/Erth       0%         N/A       99%         4
 Passage of Golubria      Tloc           0%         N/A       99%         4
 Petrify                  Tmut/Erth      0%         N/A       99%         4
 Sticky Flame             Conj/Fire      0%         2d3       99%         4
 Summon Ice Beast         Ice/Summ       0%         N/A       99%         4
 Summon Lightning Spire   Summ/Air       0%         N/A       99%         4
 Blade Hands              Tmut           0%         N/A       100%        5
 Fireball                 Conj/Fire      0%         3d3       100%        5
 Freezing Cloud           Conj/Ice/Air   0%         6-21      100%        5
 Irradiate                Conj/Tmut      0%         3d13      100%        5
 Iskenderun's Battlesphe  Conj           0%         2d6       100%        5
 Lightning Bolt           Conj/Air       0%         1d11      100%        5
 Metabolic Englaciation   Hex/Ice        0%         N/A       100%        5
 Yara's Violent Unravell  Hex/Tmut       0%         3d3       100%        5
 Conjure Ball Lightning   Conj/Air       0%         3x3d6     100%        6
 Dispersal                Tloc           0%         N/A       100%        6
 Eringya's Noxious Bog    Tmut/Pois      0%         N/A       100%        6
 Starburst                Conj/Fire      0%         6d3       100%        6
 Dragon Form              Tmut           0%         N/A       100%        7
 Enfeeble                 Hex            0%         N/A       100%        7
 Orb of Destruction       Conj           0%         9d5       100%        7
 Storm Form               Tmut/Air       0%         N/A       100%        7
 Summon Hydra             Summ           0%         N/A       100%        7
 Discord                  Hex            0%         N/A       100%        8
 Disjunction              Tloc           0%         N/A       100%        8
 Infestation              Necr           28%        N/A       100%        8
 Maxwell's Capacitive Co  Air            0%         ∞         100%        8
 Dragon's Call            Summ           0%         N/A       100%        9
 Fire Storm               Conj/Fire      0%         5d1       100%        9

Inventory:

Hand Weapons
 b - a +9 spectral demon whip (weapon) {mace}
   (You took it off Amaemon on level 1 of the Lair of Beasts)
Missiles
 d - 8 throwing nets {=f!fthrowing}
 f - 2 boomerangs of dispersal {=f!fthrowing}
 h - 66 poisoned darts {throwing}
 v - 7 atropa-tipped darts {throwing}
 z - 761 stones (quivered) {throwing}
 M - 32 boomerangs {throwing}
 S - 3 javelins {throwing}
Armour
 c - the +3 warlock's mirror (worn) {reflect}
   (You found it in a treasure trove)

   It can block and reflect piercing ranged attacks and magical attacks against
   the wielder's willpower.
 p - a +2 pair of boots (worn)
   (You found it on level 2 of the Vaults)
 u - a +2 cloak (worn)
   (You found it on level 11 of the Dungeon)
 y - the +2 hat "Seosuw" (worn) {rElec Int-4 Dex+7}
   (You acquired it on level 2 of the Orcish Mines)

   Int:       It affects your intelligence (-4).
   Dex:       It affects your dexterity (+7).
   rElec:     It insulates you from electricity.
 A - the +7 plate armour of Ossysch (worn) {+Inv rElec rPois Str-3}
   (You took it off a deep elf high priest on level 5 of the Vaults)

   Str:       It affects your strength (-3).
   rElec:     It insulates you from electricity.
   rPois:     It protects you from poison.
   +Inv:      It lets you turn invisible.
Jewellery
 o - a +6 ring of strength
   (You found it on level 5 of the Pits of Slime)
 B - an amulet of faith (around neck) {!P}
   (You found it on level 3 of the Dungeon)
 J - a +4 ring of slaying (left hand)
   (You found it on level 9 of the Dungeon)
 P - the ring of Evymycw (right hand) {Int+6 Slay+4 SInv}
   (You took it off a deep elf demonologist on level 3 of the Elven Halls)

   [ring of intelligence]

   Int:       It affects your intelligence (+6).
   Slay:      It affects your accuracy & damage with ranged weapons and melee
   (+4).
   SInv:      It lets you see invisible.
Wands
 q - a wand of mindburst (5)
   (You found it on level 5 of the Pits of Slime)
Scrolls
 s - 6 scrolls of vulnerability {!r!r}
 t - 6 scrolls of holy word {!r}
 w - 11 scrolls of immolation {!r!r}
 D - 10 scrolls of magic mapping {!r}
 I - 4 scrolls of blinking {!r}
 K - 7 scrolls of teleportation {@r4}
 N - 5 scrolls of silence {!r}
 Q - 4 scrolls of enchant armour
 T - 3 scrolls of fog
 W - 2 scrolls of fear
 Y - 31 scrolls of identify {@r1}
Potions
 g - 2 potions of invisibility
 i - a potion of haste {forbidden@q3}
 j - 6 potions of cancellation
 k - 5 potions of magic
 l - 8 potions of lignification {!q}
 n - 3 potions of might
 x - 6 potions of ambrosia
 H - 3 potions of mutation {!q}
 L - 7 potions of heal wounds {@q2}
 R - 13 potions of brilliance
 X - 2 potions of resistance
 Z - 24 potions of curing {@q1}
Miscellaneous
 m - a lightning rod (4/4)
   (You found it on level 5 of the Pits of Slime)
 C - a phantom mirror
   (You found it on level 5 of the Pits of Slime)
 G - a tin of tremorstones (2/2) {throwing}
   (You found it on level 5 of the Pits of Slime)

Dungeon Overview and Level Annotations

Branches:
Dungeon (15/15)            Temple (1/1) D:6            Lair (6/6) D:10
  Swamp (4/4) Lair:3        Snake (4/4) Lair:3        Slime (5/5) Lair:6
    Orc (2/2) D:9             Elf (3/3) Orc:2        Vaults (5/5) D:13
  Crypt (3/3) Vaults:3       Tomb (0/3) Crypt:3      Depths (4/4) D:15
   Hell (1/1)                 Zot (1/5) Depths:4
    Dis: Hell:1         Geh: Hell:1         Coc: Hell:1         Tar: Hell:1

Altars:
Ashenzari
Cheibriados
Dithmenos
Elyvilon
Fedhas
Gozag
Hepliaklqana
Kikubaaqudgha
Nemelex Xobeh
Okawaru
Qazlal
Ru
Sif Muna
Trog
Uskayaw
Vehumet
Wu Jian
Xom
Yredelemnul
Zin
Jiyva

Shops:
D:1 (   D:6 *   D:7 [   D:9 *   D:10 (   D:11 *(=   Orc:2 ?[(*   Elf:3 *
Snake:2 [*   Snake:3 :   Snake:4 ==:*   Vaults:1 =   Vaults:2 (   Vaults:3 *
Vaults:5 (   Depths:2 =

Portals:
Hell: Depths:1 Depths:2 Depths:3 Depths:4
Abyss: Depths:1 Depths:3 Depths:4
Pandemonium: Depths:1 Depths:2 Depths:3
Ziggurat: Depths:2

Annotations:
D:5 2 runed translucent doors, 2 transporters, HendSelp's ghost, novice GrGl
Lair:3 1 runed translucent door, 1 exclusion, Caeppaus's ghost, journeyman GrFi
Lair:6 1 exclusion
Swamp:3 2 exclusions
Snake:3 1 exclusion
Slime:5 1 exclusion
Orc:2 1 exclusion
Elf:1 6 runed translucent doors
Elf:2 5 runed translucent doors
Elf:3 4 exclusions
Vaults:1 1 exclusion
Vaults:3 exclusions: door and 1 more exclusion
Vaults:5 1 exclusion
Depths:2 1 exclusion
Hell Geryon

≈≈.(...........
≈≈≈............
≈≈≈≈...........
≈3...........∩.
.....&ZZ....∩..
....p322.Z...∩.
..≈≈ZZZ3§......
.≈≈..Z2@2p.)...
≈≈..ZZDp24.....
≈..Z.344Z2.....
.......2.......
...............
...............
.3.........4...
....2..........


You could see Geryon (ally target), an iron dragon (soul bound), a cacodemon, 4
hell beasts, a lorocyproca (invisible), 2 reapers, 2 hell knights, a soul eater,
2 sun demons, an orange demon, 3 rust devils, a necromancer (ally target), a
sixfirhy, an anaconda simulacrum, a swamp dragon simulacrum, a harpy simulacrum,
2 hell knight simulacra, a spriggan defender zombie, a nagaraja zombie, a stone
giant zombie, a fenstrider witch zombie, a friendly soul eater (summoned), a
friendly spectral demonic crawler and a friendly spectral lorocyproca.


Message History

Your spectral rust devil is destroyed!
Your spectral lorocyproca hits the hell knight!!
The hell knight dies!
Cheibriados thoroughly appreciates the change of pace.
A freezing mist starts to gather...
The swamp dragon simulacrum bites your spectral reaper but does no damage.
The swamp dragon simulacrum barely misses your spectral reaper.
The swamp dragon simulacrum tramples your spectral reaper but does no damage.
A sixfirhy comes into view.
You block the hell beast's attack. x2
Your spectral reaper barely misses the swamp dragon simulacrum.
A hell knight simulacrum comes into view.
Throw: 5 javelins {throwing}
Press: ? - help, Shift-Dir - straight line, f/p - Geryon
Aim: Geryon (almost dead, ally target, 88% to hit)
You throw a javelin {throwing}.
The javelin {throwing} pierces through Geryon!!
The spriggan defender zombie completely misses your spectral reaper.
The hell knight completely misses you.
The hell knight mumbles some strange prayers to its god.
The hell knight blinks!
The reaper hits you from afar with a +4 scythe of protection.
* * * LOW HITPOINT WARNING * * *
The necromancer mumbles some strange words.
The necromancer binds the souls of nearby monsters.
A rust devil comes into view.
The lorocyproca is struck by your spines.
The lorocyproca hits you!!
* * * LOW HITPOINT WARNING * * *
A demonic guardian appears!
You feel your power leaking away.
Geryon roars, "Accept thy failure, thou tasty lunch!"
Geryon winds a great silver horn.
The reaper closely misses you.
The hell beast is struck by your spines.
The hell beast completely misses you. x2
Your spectral demonic crawler hits the stone giant zombie!
Your spectral demonic crawler hits the stone giant zombie.
Your spectral demonic crawler hits the stone giant zombie but does no damage.
The sun demon is struck by your spines. The sun demon completely misses you.
A sun demon comes into view.
You block the hell beast's attack. x2; The iron dragon completely misses you.
The iron dragon closely misses you.
The iron dragon misses you. 😱 HP[-24] MP[-11]
You take 24 damage, and now have 28/213 hp.
You lost 11 mp, and now have 9/32 mp.
Unknown command.
Throw: 4 javelins {throwing}
Press: ? - help, Shift-Dir - straight line, f/p - Geryon
Aim: Geryon (almost dead, ally target, 88% to hit)
You throw a javelin {throwing}.
The javelin {throwing} pierces through the anaconda simulacrum!
The javelin {throwing} barely misses Geryon.
You feel sick. The hell knight completely misses you.
The spriggan defender zombie hits your spectral reaper but does no damage.
You block the hell knight's attack. The anaconda simulacrum misses you.
The hell beast is struck by your spines.
The hell beast completely misses you. You block the hell beast's attack.
Your spectral reaper hits the swamp dragon simulacrum!
The necromancer hits your spectral reaper but does no damage.
The reaper hits you from afar with a +4 scythe of protection!!
* * * LOW HITPOINT WARNING * * *
The swamp dragon simulacrum bites your spectral reaper!
The swamp dragon simulacrum freezes your spectral reaper!
Your spectral reaper resists.
The swamp dragon simulacrum claws your spectral reaper.
The swamp dragon simulacrum freezes your spectral reaper!
Your spectral reaper resists.
Your spectral reaper is destroyed!
A cacodemon comes into view.
The lorocyproca is struck by your spines.
The lorocyproca completely misses you. The sun demon misses you.
The hell beast is struck by your spines.
The hell beast closely misses you.
The hell beast tramples you but does no damage.
The hell beast bites your spectral lorocyproca!!
The hell beast tramples your spectral lorocyproca!
Your spectral lorocyproca holds its ground! 😱 HP[-25] MP[+1]
You take 25 damage, and now have 3/213 hp.
Okay, then.
You feel much better.
You feel sick. You block the hell knight's attack. The hell knight misses you.
The anaconda simulacrum completely misses you.
The hell beast is struck by your spines.
You kill the hell beast!
The hell beast disappears in a puff of smoke!
Your soul eater hits the necromancer!
The nagaraja zombie hits your spectral demonic crawler.
The hell beast is struck by your spines.
The hell beast completely misses you. You block the hell beast's attack.
The sun demon hits you but does no damage.
You block the hell knight's attack. The iron dragon closely misses you.
The iron dragon claws you!
* * * LOW HITPOINT WARNING * * *
You block the iron dragon's attack.
The hell knight is struck by your spines.
The hell knight completely misses you.
The reaper hits you from afar with a +4 scythe of protection!
You die...

Skill      XL: |  1  2  3  4  5  6  7  8  9 10 11 12 13 14 15 16 17 18 19 20 21 22 23 24 |
---------------+-------------------------------------------------------------------------+-----
Staves         | 3 |  3.3
Fighting       | 3 4 5 6 7 8 9 10 12 15 16 17 20 | 20.9
Maces & Flails | 2 3 4 6 8 9 11 13 | 13.8
Invocations    | 1 5 8 10 12 | 12.0
Throwing       | 3 8 9 11 14 16 | 16.0
Dodging        | 3 11 14 16 18 19 20 21 23 25 | 25.3
Necromancy     | 2 11 12 13 14 | 14.4
Shields        | 2 6 8 |  8.9
Armour         | 1 6 9 10 13 15 | 15.0

Action                   |  1- 3 |  4- 6 |  7- 9 | 10-12 | 13-15 | 16-18 | 19-21 | 22-24 | 25-27 || total
-------------------------+-------+-------+-------+-------+-------+-------+-------+-------+-------++-------
Melee: Quarterstaff      |    71 |       |       |       |       |       |       |       |       ||    71
       Flail             |     7 |    42 |    59 |       |       |       |       |       |       ||   108
       Touch             |       |     5 |    32 |    71 |   100 |   126 |    13 |       |       ||   347
       Punch             |       |     1 |     2 |     4 |     7 |    10 |     1 |       |       ||    25
       Whip              |       |       |    88 |   348 |   507 |   212 |       |       |       ||  1155
       Headbutt          |       |       |       |    36 |   140 |   192 |    24 |       |       ||   392
       Demon whip        |       |       |       |       |       |   399 |   673 |  1194 |    33 ||  2299
       Quick blade       |       |       |       |       |       |       |       |    46 |       ||    46
Throw: Stone             |       |    54 |   145 |   279 |   792 |   829 |   809 |  1014 |    11 ||  3933
       Dart              |       |       |       |       |    12 |    14 |       |     4 |       ||    30
       Throwing net      |       |       |       |       |       |     3 |       |     3 |       ||     6
       Javelin           |       |       |       |       |       |    13 |    20 |    12 |    12 ||    57
       Boomerang         |       |       |       |       |       |     1 |    18 |       |       ||    19
 Cast: Death Channel     |       |       |       |       |       |       |    28 |    31 |     1 ||    60
       Wereblood         |       |       |       |       |       |       |    17 |     2 |       ||    19
       Animate Dead      |       |       |       |       |       |       |    21 |    26 |       ||    47
Invok: Bend Time         |       |       |       |     3 |       |       |       |       |       ||     3
       Slouch            |       |       |       |     8 |    19 |    12 |     4 |     3 |       ||    46
       Step From Time    |       |       |       |       |     1 |     2 |    11 |    12 |     1 ||    27
       Temporal Distorti |       |       |       |       |     5 |     4 |     1 |       |     2 ||    12
Evoke: Wand              |       |       |       |     2 |       |    11 |       |       |       ||    13
       Phantom mirror    |       |       |       |       |       |     3 |       |       |       ||     3
       Condenser vane    |       |       |       |       |       |     2 |       |     1 |       ||     3
       Box of beasts     |       |       |       |       |       |     1 |       |       |       ||     1
  Use: Potion            |       |       |     2 |    26 |     2 |     7 |     5 |     4 |     2 ||    48
       Scroll            |       |       |       |    17 |    15 |    20 |     3 |     8 |     1 ||    64
 Stab: Sleeping          |     4 |       |       |       |       |     1 |       |     1 |       ||     6
       Paralysed         |       |       |     1 |       |       |       |       |       |       ||     1
       Invisible         |       |       |       |     2 |       |       |       |       |       ||     2
       Petrified         |       |       |       |       |     6 |       |       |       |       ||     6
       Petrifying        |       |       |       |       |     1 |       |       |       |       ||     1
       Distracted        |       |       |       |       |     1 |    15 |    31 |    51 |     1 ||    99
       Held in net/web   |       |       |       |       |       |     1 |       |       |       ||     1
Armor: Leather armour    |    30 |    13 |    41 |    39 |       |       |       |       |       ||   123
       Skin              |       |       |       |   153 |       |       |       |       |       ||   153
       Troll leather arm |       |       |       |    10 |   113 |    42 |       |       |       ||   165
       Ring mail         |       |       |       |       |       |    28 |    42 |       |       ||    70
       Plate armour      |       |       |       |       |       |       |    41 |   206 |    16 ||   263
       Acid dragon scale |       |       |       |       |       |       |       |    25 |     1 ||    26
Dodge: Dodged            |    46 |    28 |    53 |   145 |   344 |   577 |   745 |  1160 |   132 ||  3230
Block: Buckler           |       |       |       |       |       |       |   434 |   758 |    72 ||  1264
       Reflection        |       |       |       |       |       |       |    86 |    74 |     1 ||   161

Levels and vault maps discovered:
D:1:      heliophobic_arrival_enchanted_forest, layout_loops_cross,
          serial_shops, nicolae_shop_hallway_stairs, basic_ecumenical_altar
D:2:      layout_rooms
D:3:      layout_basic
D:4:      layout_gridville, mainiacjoe_overflow_boulevard, chequers_garden
D:5:      layout_loops_corners, mainiacjoe_overflow_catwalk,
          lemuel_crystal_altar, jmf_multi_god_temple2, gammafunk_ghost_hive,
          chequers_big_river, kennysheep_generic_room_5
D:6:      layout_loops_ring, nicolae_overflow_crystal_walls, lemuel_tele_altar,
          minmay_temple_entry_poolview, serial_shops, nicolae_take_the_stairs,
          uniq_eustachio
D:7:      layout_rooms, serial_shops, shop, serial_bayou_pond_b,
          minmay_mini_ossuary
D:8:      layout_basic
D:9:      layout_loops_corners, mainiacjoe_overflow_tiny_flanked,
          elyvilon_altar_3, orc_0_dummy, nicolae_island_escapes
D:10:     layout_loops_ring, fedhas_altar_1, erik_lair_orcish_takeover,
          serial_shops, shop
D:11:     layout_loops_ring, serial_shops, nicolae_stop_n_shop_2,
          nicolae_diamond_shop, nicolae_shop_advertising_works
          [nicolae_subvault_shop_adworks]
D:12:     layout_basic, uniq_urug
D:13:     layout_roguey, hangedman_vaults_entry_quadrant_bands
D:14:     layout_loops_ring, chequers_serial_rivers_large_b, uniq_frances
D:15:     grunt_enter_depths_magical_seal, layout_rooms, hangedman_decor_points,
          uniq_jorgrun
Temple:   minmay_temple_forest_path
Lair:1:   wad_woods_tower, layout_layer_cave, grunt_megastairs_2, uniq_harold,
          uniq_joseph, uniq_amaemon
Lair:2:   layout_chaotic_city
Lair:3:   layout_roguey, minmay_swamp_entry_reptiles,
          minmay_snake_entry_guardpost_medium, gammafunk_ghost_grave,
          beast_lair_carwin_6, grunt_megastairs_1, lemuel_fruit_tree,
          uniq_rupert, uniq_snorg
Lair:4:   layout_misc_corridors, kennysheep_basilisk_garden, grunt_megastairs_5,
          uniq_sonja
Lair:5:   layout_regular_city, serial_bayou_shore_a, grunt_megastairs_4
Lair:6:   guppyfry_lair_end_dragon, layout_hall_layers,
          hangedman_lair_in_review, slime_altar_1, grunt_megastairs_3
Swamp:1:  layout_basic_swamp, nicolae_swamp_small_spring, swamp_pool5,
          infiniplex_staircase_pool_2, uniq_mlioglotl
Swamp:2:  layout_basic_swamp, evilmike_swamp_ruin_house_2, swamp_pool2
Swamp:3:  layout_basic_swamp, evilmike_swamp_ruin_house_3,
          infiniplex_staircase_pool
Swamp:4:  swamp_vile, layout_basic_swamp
Snake:1:  layout_concentric_octagons, uniq_donald
Snake:2:  layout_grid_maze, st_stairs_2, nicolae_snake_mages_go_home,
          minmay_shop_star
Snake:3:  minmay_snake_river, layout_chambers, serial_shops,
          nicolae_shop_competitors_out_of_business, guppyfry_snake_island
Snake:4:  johnstein_snake_rune_scales, layout_rooms, basic_altar, st_stairs_3,
          nicolae_shop_overcharged_wands, serial_bayou_shore_b,
          minmay_shop_grove, serial_bayou_shore_b
Slime:1:  layout_caves
Slime:2:  layout_caves
Slime:3:  layout_caves
Slime:4:  layout_caves
Slime:5
Orc:1:    layout_caves, serial_shops, nicolae_shop_stone,
          ebering_ghost_rock_garden, david_defended_altar_orc
Orc:2:    st_orc_pillars, layout_diamond_mine, mines_bat_river
Elf:1:    layout_onion_city, orc_legates
Elf:2:    elven_hall_of_blades_hangedman_alternative [nicolae_blade_tridents],
          layout_onion_city
Elf:3:    elf_hall, layout_geoelf_diagonals, serial_shops,
          nicolae_shop_window_shopping, corner_web_ring
Vaults:1: st_quartered_hall, nicolae_vaults_network_s, nicolae_vaults_triangles,
          grunt_vaults_funnel, vaults_dpeg_hooks, nicolae_vaults_three_branches,
          vaults_dpeg_ring, vaults_room_pool, nicolae_vaults_asterisk,
          vaults_dpeg_diagonal, layout_vaults_omnigrid, serial_shops, shop
Vaults:2: vaults_mumra_hex, st_cross, hangedman_vaults_corner_blocks,
          nicolae_vaults_little_squares_6, v_misc_10, vaults_room_door_ring,
          v_alt_pattern_1, layout_vaults_chaotic_city, serial_shops, shop,
          uniq_boris
Vaults:3: hangedman_vaults_maws, minmay_crypt_entry_vampire_xt,
          nicolae_vaults_big_ls, vaults_room_corners, vaults_dpeg_cross,
          v_misc_30, nicolae_vaults_what_the_h, v_misc_26,
          ontoclasm_vaults_loading_screen, nicolae_vaults_little_squares_2,
          nicolae_vaults_lopsided_apartments, ontoclasm_vaults_shuriken,
          ontoclasm_vaults_fault, nicolae_vaults_gold_heap,
          ontoclasm_vaults_twist, layout_vaults_omnicross, serial_shops,
          nicolae_shop_crystal, enter_trove_6
Vaults:4: nicolae_vaults_minivaults, grunt_vaults_hallway_short,
          hangedman_vaults_pinch, dpeg_vaults_monster_box,
          nicolae_vaults_network_star, ontoclasm_vaults_idyll, v_alt_pattern_1,
          v_rooms_3, nicolae_vaults_mini_display_case, hangedman_vaults_cutoff,
          v_misc_19, layout_vaults_ring
Vaults:5: serial_shops
Crypt:1:  layout_regular_city, st_stairs_4, eino_tiny_chamber, moated_statue,
          minmay_misc_feat_five
Crypt:2:  layout_gridlike, serial_sigils_hangedman_shear
Crypt:3:  evilmike_haunted_forest
Depths:1: layout_forbidden_donut, serial_column_ruins,
          column_ruins_open_medium_water, column_ruins_grid_1,
          column_ruins_open_small, column_ruins_columns_straight,
          column_ruins_open_small, column_ruins_corridor_straight,
          column_ruins_open_tiny, rand_demon_pan_entry_3, hell_entry,
          abyss_entry_crystal, serial_bayou_pond_d,
          nicolae_hepliaklqana_hippocampus, kennysheep_random_hallway
Depths:2: dreamdust_merry_men, layout_gridville, enter_ziggurat_b, serial_shops,
          nicolae_square_shop, pan_entry, hell_entry, minmay_staircase_statues,
          uniq_enchantress
Depths:3: evilmike_library_of_no_secrets, layout_cave_shapes,
          nicolae_gozag_cash_rules_everything_around_me, abyss_entry_glasseish,
          grunt_hell_entry_demonic_statue, grunt_pan_entry_zigzag,
          infiniplex_staircase_x, serial_bayou_shore_b
Depths:4: evilmike_zot_entry_basic, layout_basic, hell_entry, serial_bayou,
          serial_bayou_pond_e, serial_bayou_ford_a, serial_bayou_lake_a,
          serial_bayou_lagoon_b, hangedman_abyss_entry_splay, uniq_sojobo
Hell
Zot:1:    layout_onion_interference, hellmonk_ghost_happy_afterlife

Notes
Turn   | Place    | Note
-------+----------+-------------------------------------------
     0 | D:1      | spaghetti the Demonspawn Gladiator began the quest for the
                  | Orb.
     0 | D:1      | Reached XP level 1. HP: 16/16 MP: 1/1
     0 | D:1      | magus.rc [v1.9.6]
    57 | D:1      | Reached skill level 3 in Staves
   168 | D:1      | Gained mutation: You are partially covered in slimy green
                  | scales. (AC +2) [demonic ancestry]
   168 | D:1      | Reached XP level 2. HP: 17/22 MP: 2/2
   341 | D:1      | Found a faded altar of an unknown god.
   414 | D:1      | Found Qaryam's Weapon Emporium.
   636 | D:1      | You pick up a book of Dreams and begin reading...
   636 | D:1      | You add the spells Ensorcelled Hibernation, Spider Form and
                  | Anguish to your library.
  1088 | D:2      | Reached XP level 3. HP: 28/28 MP: 3/3
  1262 | D:2      | Reached skill level 3 in Fighting
  1400 | D:3      | Identified the +7 flail "Ven Rem" {chaos, Will+}
  1594 | D:3      | Gained mutation: Your touch may inflict minor irresistible
                  | damage on your foes. [demonic ancestry]
  1594 | D:3      | Reached XP level 4. HP: 37/37 MP: 4/4
  1912 | D:3      | Identified the +9 whip "Caer" {freeze, rPois Will+ Str+3
                  | Int+4}
  1958 | D:3      | Identified the +0 leather armour of Icossiun {rN++}
  2278 | D:4      | Reached skill level 4 in Fighting
  2278 | D:4      | Reached skill level 1 in Maces & Flails
  2583 | D:4      | Noticed a black bear
  2590 | D:4      | Killed a black bear
  2591 | D:4      | Reached skill level 2 in Maces & Flails
  2591 | D:4      | Gained mutation: You are partially covered in sharp spines.
                  | [demonic ancestry]
  2591 | D:4      | Reached XP level 5. HP: 31/43 MP: 5/5
  2660 | D:4      | Reached skill level 3 in Maces & Flails
  2660 | D:4      | Gained mutation: You are mostly covered in sharp spines.
                  | [demonic ancestry]
  2660 | D:4      | Reached XP level 6. HP: 46/49 MP: 6/6
  2741 | D:4      | Found a broken altar of Ashenzari.
  3075 | D:5      | Entered Level 5 of the Dungeon
  3075 | D:5      | Noticed a water moccasin
  3079 | D:5      | Killed a water moccasin
  3085 | D:5      | Reached skill level 5 in Fighting
  3085 | D:5      | Reached skill level 4 in Maces & Flails
  3127 | D:5      | Found a large runed translucent door.
  3135 | D:5      | Found a large runed translucent door.
  3165 | D:5      | Found a hazy altar of Hepliaklqana.
  3202 | D:5      | Found a transporter.
  3206 | D:5      | Noticed a hornet
  3253 | D:5      | Reached XP level 7. HP: 46/56 MP: 7/7
  3419 | D:5      | Reached skill level 5 in Maces & Flails
  3449 | D:5      | Found a transporter.
  3457 | D:5      | Found a shadowy altar of Dithmenos.
  3678 | D:5      | Noticed HendSelp's ghost (novice GrGl)
  3698 | D:5      | Reached skill level 6 in Fighting
  3698 | D:5      | Reached skill level 6 in Maces & Flails
  3900 | D:5      | You pick up a book of Air and begin reading...
  3900 | D:5      | You add the spells Shock, Swiftness and Airstrike to your
                  | library.
  3962 | D:5      | HP: 14/58 [gnoll shaman/+0 whip (7)]
  3966 | D:5      | Gained mutation: Your touch may inflict irresistible damage
                  | on your foes. [demonic ancestry]
  3966 | D:5      | Reached XP level 8. HP: 26/64 MP: 8/8
  4489 | D:6      | Noticed Eustachio
  4494 | D:6      | Killed Eustachio
  4550 | D:6      | Found Zoanaceu's Assorted Antiques.
  4699 | D:6      | You pick up a book of Misfortune and begin reading...
  4699 | D:6      | You add the spells Confusing Touch, Yara's Violent
                  | Unravelling and Enfeeble to your library.
  4703 | D:6      | Reached skill level 7 in Maces & Flails
  4738 | D:6      | Found an opulent altar of Gozag.
  4768 | D:6      | Reached skill level 7 in Fighting
  5063 | D:6      | Reached skill level 8 in Maces & Flails
  5128 | D:6      | Found a staircase to the Ecumenical Temple.
  5137 | Temple   | Entered the Ecumenical Temple
  5486 | Temple   | Became a worshipper of Cheibriados the Contemplative
  5527 | D:6      | Found a hide-covered altar of Uskayaw.
  5552 | D:6      | You pick up a book of the Tundra and begin reading...
  5552 | D:6      | You add the spells Hailstorm, Ice Form and Simulacrum to
                  | your library.
  5622 | D:6      | Reached skill level 1 in Invocations
  5622 | D:6      | Gained mutation: A weak demonic guardian rushes to your
                  | aid. [demonic ancestry]
  5622 | D:6      | Reached XP level 9. HP: 72/72 MP: 9/9
  5932 | D:6      | Reached skill level 2 in Invocations
  6124 | D:7      | Reached skill level 3 in Invocations
  6136 | D:7      | Reached * piety under Cheibriados
  6372 | D:7      | Reached skill level 8 in Fighting
  6372 | D:7      | Reached skill level 9 in Maces & Flails
  6393 | D:7      | Found Ruudiwidoch's Armour Emporium.
  6432 | D:7      | Reached skill level 4 in Invocations
  6956 | D:8      | Reached ** piety under Cheibriados
  7275 | D:8      | Reached skill level 5 in Invocations
  7800 | D:9      | Gained mutation: You are mostly covered in slimy green
                  | scales. (AC +3) [demonic ancestry]
  7800 | D:9      | Reached XP level 10. HP: 47/82 MP: 12/14
  8135 | D:9      | Reached skill level 10 in Maces & Flails
  8193 | D:9      | Found a staircase to the Orcish Mines.
  8199 | D:9      | You pick up a book of Spectacle and begin reading...
  8199 | D:9      | You add the spells Dazzling Flash, Iskenderun's Mystic
                  | Blast and Starburst to your library.
  8276 | D:9      | HP: 17/82 [gnoll/+0 halberd (9)]
  8276 | D:9      | HP: 1/82 [yak (12)]
  8763 | D:9      | Found Vetsyzo's Island Escapes.
  9070 | D:9      | Reached skill level 6 in Invocations
  9070 | D:9      | Reached *** piety under Cheibriados
  9287 | D:9      | Noticed a two-headed ogre
  9294 | D:9      | Killed a two-headed ogre
  9295 | D:9      | Reached skill level 9 in Fighting
  9510 | D:9      | Found a shimmering altar of Xom.
  9690 | D:9      | Reached skill level 7 in Invocations
  9927 | D:9      | Bought a scroll of teleportation for 33 gold pieces
  9927 | D:9      | Bought a potion of invisibility for 88 gold pieces
  9927 | D:9      | Bought a scroll of teleportation for 33 gold pieces
  9927 | D:9      | Bought a scroll of blinking for 82 gold pieces
  9927 | D:9      | Bought a potion of invisibility for 88 gold pieces
  9929 | D:10     | Entered Level 10 of the Dungeon
  9929 | D:10     | Found a staircase to the Lair.
  9950 | D:10     | Gained mutation: You possess an exceptional clarity of
                  | mind. [potion of mutation]
  9950 | D:10     | Gained mutation: Your spells are a little easier to cast,
                  | but a little less powerful. [potion of mutation]
  9950 | D:10     | Gained mutation: You have a pair of small horns on your
                  | head. [potion of mutation]
  9950 | D:10     | HP: 31/124 [orc priest/divine providence (14)]
  9967 | D:10     | HP: 29/124 [gnoll shaman/+1 whip of freezing (5)]
  9970 | D:10     | HP: 14/124 [warg (9)]
  9973 | D:10     | Reached skill level 11 in Maces & Flails
  9975 | D:10     | HP: 23/124 [centaur/arrow (4)]
  9989 | D:10     | Reached **** piety under Cheibriados
 10513 | D:10     | Identified the ring of Xom's Wantonness {Will+ Int+2}
 10671 | D:10     | Reached skill level 8 in Invocations
 10774 | D:10     | Reached XP level 11. HP: 90/90 MP: 17/17
 10799 | D:10     | Lost mutation: You have a pair of small horns on your head.
                  | [potion of mutation]
 10799 | D:10     | Lost mutation: You possess an exceptional clarity of mind.
                  | [potion of mutation]
 10799 | D:10     | Gained mutation: Your magical capacity is low. (-10% MP)
                  | [potion of mutation]
 10800 | D:10     | Lost mutation: Your spells are a little easier to cast, but
                  | a little less powerful. [potion of mutation]
 10800 | D:10     | Lost mutation: Your magical capacity is low. (-10% MP)
                  | [potion of mutation]
 10800 | D:10     | Gained mutation: You have an increased reservoir of magic.
                  | (+10% MP) [potion of mutation]
 10800 | D:10     | Lost mutation: You have an increased reservoir of magic.
                  | (+10% MP) [potion of mutation]
 10800 | D:10     | Gained mutation: Armour fits poorly on your strangely
                  | shaped body. [potion of mutation]
 10800 | D:10     | Gained mutation: Your mind is acute. (Int +2) [potion of
                  | mutation]
 10801 | D:10     | Lost mutation: Your mind is acute. (Int +2) [potion of
                  | mutation]
 10801 | D:10     | Lost mutation: Armour fits poorly on your strangely shaped
                  | body. [potion of mutation]
 10801 | D:10     | Gained mutation: You have sharp toenails. [potion of
                  | mutation]
 10801 | D:10     | Gained mutation: You have supernaturally acute eyesight.
                  | (SInv) [potion of mutation]
 10896 | D:10     | Found Reugemp's Weapon Shop.
 11074 | D:10     | Found a blossoming altar of Fedhas.
 11173 | Lair:1   | Entered Level 1 of the Lair of Beasts
 11179 | Lair:1   | Reached skill level 10 in Fighting
 11409 | Lair:1   | Reached skill level 12 in Maces & Flails
 11417 | Lair:1   | Reached skill level 9 in Invocations
 11509 | Lair:1   | Reached ***** piety under Cheibriados
 11532 | Lair:1   | Noticed Amaemon
 11550 | Lair:1   | Killed Amaemon
 11552 | Lair:1   | HP: 34/138 [poisoned by Amaemon]
 11557 | Lair:1   | HP: 28/138 [poisoned by Amaemon]
 11562 | Lair:1   | HP: 15/92 [poisoned by Amaemon]
 11971 | Lair:1   | Noticed an eight-headed hydra
 11980 | Lair:1   | Killed an eight-headed hydra
 12119 | Lair:1   | Reached skill level 10 in Invocations
 12540 | Lair:1   | Noticed Joseph
 12548 | Lair:1   | Killed Joseph
 12674 | Lair:1   | Reached skill level 13 in Maces & Flails
 12677 | Lair:1   | HP: 22/92 [poisoned by a cane toad]
 12682 | Lair:1   | HP: 16/92 [poisoned by a cane toad]
 12688 | Lair:1   | HP: 13/92 [poisoned by a cane toad]
 12982 | Lair:1   | Gained mutation: Your magical and physical power is
                  | slightly enhanced at high health. [demonic ancestry]
 12982 | Lair:1   | Reached XP level 12. HP: 76/99 MP: 19/19
 13208 | Lair:1   | Noticed Harold
 13218 | Lair:1   | Killed Harold
 13219 | Lair:1   | Reached skill level 11 in Fighting
 14234 | Lair:2   | Lost mutation: You have sharp toenails. [potion of
                  | mutation]
 14234 | Lair:2   | Lost mutation: You have supernaturally acute eyesight.
                  | (SInv) [potion of mutation]
 14234 | Lair:2   | Gained mutation: Your system is resistant to poisons.
                  | (rPois) [potion of mutation]
 14234 | Lair:2   | Gained mutation: You are dopey. (Int -2) [potion of
                  | mutation]
 14234 | Lair:2   | Gained mutation: Your flesh is heat resistant. (rF+)
                  | [potion of mutation]
 14234 | Lair:2   | Gained mutation: You have a pair of small horns on your
                  | head. [potion of mutation]
 14444 | Lair:2   | You pick up a book of Winter and begin reading...
 14444 | Lair:2   | You add the spells Ozocubu's Armour and Metabolic
                  | Englaciation to your library.
 14778 | Lair:3   | Noticed an eight-headed hydra
 14778 | Lair:3   | Found a staircase to the Swamp.
 14782 | Lair:2   | HP: 25/100 [eight-headed hydra (15)]
 14782 | Lair:2   | HP: 12/100 [eight-headed hydra (8)]
 14785 | Lair:2   | Killed an eight-headed hydra
 14786 | Lair:2   | Reached skill level 11 in Invocations
 14787 | Lair:2   | HP: 8/100 [poisoned by a water moccasin]
 14792 | Lair:2   | HP: 7/100 [poisoned by a water moccasin]
 15311 | Lair:3   | Noticed Snorg
 15317 | Lair:3   | Killed Snorg
 15337 | Lair:3   | You pick up a book of Flames and begin reading...
 15337 | Lair:3   | You add the spells Foxfire, Conjure Flame, Inner Flame and
                  | Flame Wave to your library.
 15394 | Lair:3   | Found a runed translucent door.
 15394 | Lair:3   | Noticed Caeppaus's ghost (journeyman GrFi)
 15405 | Lair:3   | Noticed a six-headed hydra
 15421 | Lair:3   | Killed a six-headed hydra
 15431 | Lair:3   | Reached skill level 12 in Invocations
 15432 | Lair:3   | Reached skill level 12 in Fighting
 15551 | Lair:3   | Reached skill level 2 in Throwing
 15599 | Lair:3   | Found a staircase to the Snake Pit.
 15760 | Lair:3   | Reached skill level 3 in Throwing
 15895 | Lair:3   | Noticed Rupert
 15906 | Lair:3   | Killed Rupert
 16114 | Lair:3   | Gained mutation: Your magical and physical power is
                  | enhanced at high health. [demonic ancestry]
 16114 | Lair:3   | Reached XP level 13. HP: 102/109 MP: 22/22
 16132 | Lair:3   | Reached skill level 4 in Throwing
 16390 | Lair:4   | Noticed Sonja
 16396 | Lair:4   | Killed Sonja
 16397 | Lair:4   | Reached skill level 13 in Fighting
 16442 | Lair:4   | Reached skill level 5 in Throwing
 16557 | Lair:4   | You pick up a book of Lightning and begin reading...
 16557 | Lair:4   | You add the spells Static Discharge, Lightning Bolt and
                  | Maxwell's Capacitive Coupling to your library.
 16579 | Lair:4   | Reached skill level 6 in Throwing
 17073 | Lair:4   | Reached skill level 14 in Fighting
 17490 | Lair:5   | Reached skill level 7 in Throwing
 18014 | Lair:6   | Entered Level 6 of the Lair of Beasts
 18018 | Lair:6   | Reached ****** piety under Cheibriados
 18283 | Lair:6   | Found a viscous altar of Jiyva.
 18283 | Lair:6   | Found a staircase to the Slime Pits.
 18416 | Lair:6   | Reached skill level 8 in Throwing
 18446 | Lair:6   | Reached skill level 15 in Fighting
 18509 | Lair:6   | Reached skill level 3 in Dodging
 18516 | Lair:6   | Noticed a fire dragon
 18528 | Lair:6   | HP: 27/115 [something/blast of flame (18)]
 18693 | Lair:6   | Gained mutation: Your touch may irresistibly damage your
                  | foes and sap their willpower. [demonic ancestry]
 18693 | Lair:6   | Reached XP level 14. HP: 123/123 MP: 23/23
 18831 | Lair:6   | Reached skill level 4 in Dodging
 19079 | Lair:6   | HP: 26/123 [catoblepas (10)]
 19080 | Lair:6   | HP: 11/123 [torpor snail (11)]
 19227 | Lair:6   | HP: 25/123 [lindwurm/blast of flame (8)]
 19228 | Lair:6   | HP: 9/123 [catoblepas (14)]
 19424 | Lair:6   | Reached skill level 5 in Dodging
 19512 | Lair:6   | Reached skill level 6 in Dodging
 19699 | Lair:6   | You pick up a book of Vapours and begin reading...
 19699 | Lair:6   | You add the spells Poisonous Vapours and Corpse Rot to your
                  | library.
 19710 | Lair:6   | You pick up a book of Storms and begin reading...
 20221 | D:11     | Found Timash's Assorted Antiques.
 20352 | D:11     | Found Vecilleq's Antique Weapon Boutique.
 20362 | D:11     | Reached skill level 7 in Dodging
 20436 | D:11     | Found Toat's Jewellery Shop.
 20927 | D:12     | Noticed Urug
 20939 | D:12     | Killed Urug
 21256 | D:12     | Reached skill level 8 in Dodging
 22047 | D:13     | Reached skill level 9 in Dodging
 22279 | D:13     | Reached skill level 10 in Dodging
 22417 | D:13     | Found a gate to the Vaults.
 22908 | D:14     | Noticed Frances
 22916 | D:14     | HP: 30/123 [Frances/shard of ice (26)]
 22917 | D:14     | Killed Frances
 22918 | D:14     | Reached skill level 11 in Dodging
 23027 | D:14     | You pick up a book of Decay and begin reading...
 23027 | D:14     | You add the spells Dispel Undead and Death Channel to your
                  | library.
 23248 | D:14     | Gained mutation: You are completely covered in slimy green
                  | scales. (AC +4, rPois) [demonic ancestry]
 23248 | D:14     | Reached XP level 15. HP: 129/129 MP: 24/24
 23387 | D:14     | You pick up a book of Chaos and begin reading...
 23387 | D:14     | You add the spells Conjure Ball Lightning, Disjunction and
                  | Discord to your library.
 23725 | D:15     | Entered Level 15 of the Dungeon
 23769 | D:15     | Identified the +1 ring mail of Autotheism {rC+ Int+2}
 23835 | D:15     | Noticed Jorgrun
 23849 | D:15     | Killed Jorgrun
 23875 | D:15     | Reached skill level 12 in Dodging
 24560 | D:15     | Reached skill level 13 in Dodging
 24608 | D:15     | Found a staircase to the Depths.
 24823 | Orc:1    | Entered Level 1 of the Orcish Mines
 24897 | Orc:2    | Entered Level 2 of the Orcish Mines
 25721 | Orc:2    | Found a staircase to the Elven Halls.
 26699 | Orc:2    | Reached skill level 14 in Dodging
 26853 | Orc:2    | Found Fupuyj's Armour Shoppe.
 26856 | Orc:2    | Found Kara's Weapon Emporium.
 26857 | Orc:2    | Found Dabiovenk's Magic Scroll Shoppe.
 26858 | Orc:2    | Found Pyisodeph's General Store.
 26861 | Orc:2    | Bought a scroll of enchant weapon for 120 gold pieces
 26861 | Orc:2    | Bought a scroll of enchant weapon for 120 gold pieces
 26866 | Orc:2    | Bought a scroll of acquirement for 780 gold pieces
 26875 | Orc:2    | Acquired the +2 hat "Seosuw" {rElec Int-4 Dex+7}
 27018 | Elf:1    | Entered Level 1 of the Elven Halls
 27375 | Elf:1    | Identified the +4 broad axe of Desyivveoty {venom, rF+
                  | SInv}
 27396 | Elf:1    | Reached skill level 9 in Throwing
 27397 | Elf:1    | Reached XP level 16. HP: 79/136 MP: 14/25
 27560 | Elf:1    | Found a runed translucent gate.
 27560 | Elf:1    | Found a runed translucent gate.
 27560 | Elf:1    | Found a runed translucent gate.
 27560 | Elf:1    | Found a runed translucent gate.
 27560 | Elf:1    | Found a runed translucent gate.
 27562 | Elf:1    | Found a runed translucent gate.
 27565 | Elf:1    | Noticed a storm dragon
 27566 | Elf:1    | Noticed a storm dragon
 27839 | Elf:1    | Reached skill level 15 in Dodging
 28970 | Elf:3    | Entered Level 3 of the Elven Halls
 28976 | Elf:3    | Reached skill level 10 in Throwing
 29331 | Elf:2    | HP: 30/127 [deep elf knight/shard of ice (22)]
 29337 | Elf:2    | HP: 11/196 [+3 trident of protection (7)]
 29346 | Elf:2    | HP: 12/136 [+3 vorpal hand axe (9)]
 29438 | Elf:2    | You are cast into the Abyss!
 29438 | Elf:2    | Cast into level 3 of the Abyss (a deep elf demonologist)
 29456 | Abyss:3  | Paralysed by an air elemental for 1 turns
 29575 | Abyss:3  | Noticed a tentacled starspawn
 29599 | Abyss:3  | Killed a tentacled starspawn
 29834 | Abyss:3  | Noticed a bone dragon
 29981 | Abyss:3  | Noticed an ancient lich
 29996 | Elf:2    | You pass through the gate.
 29996 | Elf:2    | Escaped the Abyss
 30149 | Elf:2    | Reached skill level 11 in Throwing
 30261 | Elf:2    | Reached skill level 16 in Dodging
 30362 | Elf:2    | Found a huge runed translucent gate.
 30362 | Elf:2    | Found a huge runed translucent gate.
 30363 | Elf:2    | Found a huge runed translucent gate.
 30363 | Elf:2    | Found a huge runed translucent gate.
 30374 | Elf:2    | Found a huge runed translucent gate.
 30461 | Elf:2    | You pick up a book of Minor Magic and begin reading...
 30461 | Elf:2    | You add the spells Magic Dart, Call Imp and Mephitic Cloud
                  | to your library.
 30689 | Elf:3    | Found Teres's Assorted Antiques.
 31028 | Elf:3    | Noticed a quicksilver dragon
 31028 | Elf:3    | an alligator snapping turtle changed into a quicksilver
                  | dragon
 31028 | Elf:3    | Noticed a shadow dragon
 31028 | Elf:3    | a quicksilver dragon changed into a shadow dragon
 31033 | Elf:3    | Noticed a golden dragon
 31036 | Elf:3    | Noticed an iron giant
 31036 | Elf:3    | a golden dragon changed into an iron giant
 31039 | Elf:3    | Noticed a caustic shrike
 31039 | Elf:3    | an iron giant changed into a caustic shrike
 31040 | Elf:3    | a caustic shrike changed into a fire giant
 31375 | Elf:3    | Noticed a deep elf blademaster
 31378 | Elf:3    | Killed a deep elf blademaster
 31564 | Elf:3    | Reached XP level 17. HP: 142/142 MP: 26/26
 31707 | Elf:3    | Reached skill level 12 in Throwing
 31883 | Elf:3    | Noticed a deep elf blademaster
 31884 | Elf:3    | Noticed a deep elf master archer
 31893 | Elf:3    | Killed a deep elf blademaster
 31897 | Elf:3    | Noticed a deep elf master archer
 31900 | Elf:3    | Noticed an Ice Fiend
 31900 | Elf:3    | Killed a deep elf master archer
 32184 | Elf:3    | Killed a deep elf master archer
 32191 | Elf:3    | Noticed an Ice Fiend
 32194 | Elf:3    | Identified the +7 dire flail "Beyn" {elec, rElec}
 32194 | Elf:3    | Identified the ring of Evymycw {Int+6 Slay+4 SInv}
 32205 | Elf:3    | Identified the +2 triple sword "Danuef" {antimagic, rPois
                  | rC++}
 32205 | Elf:3    | Identified the +2 robe "Nearch Olex" {Drain Int+4 Stlth+}
 32206 | Elf:3    | Noticed a Tzitzimitl
 32208 | Elf:3    | HP: 35/142 [deep elf demonologist/the +7 dire flail "Beyn"
                  | {elec, rElec} (9)]
 32209 | Elf:3    | HP: 16/142 [blizzard demon/the air[a deep elf demonologist]
                  | (21)]
 32323 | Elf:3    | Identified the +2 pair of gloves "Ryleesch" {rPois}
 32854 | Elf:3    | Identified the +0 buckler of the Dwarven Hall {*Slow Str+5
                  | Stlth+}
 33111 | Elf:3    | Identified the +1 robe of Ryhaheragg {Will+ Str+2}
 33120 | Elf:3    | Noticed a Tzitzimitl
 33126 | Elf:3    | Identified the +10 plate armour "Nairat" {Rampage *Slow
                  | rPois rN+}
 33158 | Elf:3    | HP: 29/138 [something/damnation (20)]
 33161 | Elf:3    | Reached skill level 17 in Dodging
 33408 | Elf:3    | You are cast into the Abyss!
 33408 | Elf:3    | Cast into level 3 of the Abyss (a deep elf demonologist)
 33797 | Elf:3    | You pass through the gate.
 33797 | Elf:3    | Escaped the Abyss
 33876 | Elf:3    | C - the +2 triple sword "Danuef" {antimagic, rPois rC++,
                  | longrare=g}
 33880 | Elf:3    | You drop the +2 triple sword "Danuef" {antimagic, rPois
                  | rC++, longrare=g}.
 33913 | Elf:3    | Noticed an Ice Fiend
 33916 | Elf:3    | HP: 27/142 [Ice Fiend/bolt of cold[a deep elf demonologist]
                  | (41)]
 34040 | Elf:3    | You pick up a book of the Spheres and begin reading...
 34040 | Elf:3    | You add the spells Iskenderun's Battlesphere, Fireball and
                  | Orb of Destruction to your library.
 34048 | Elf:3    | Got the Almanac of the Bear
 34051 | Elf:3    | Identified the +1 ring mail "Qienat" {Fly rElec rF- Str+9}
 34061 | Elf:3    | You pick up a book of Flames and begin reading...
 34064 | Elf:3    | You add the spells Sting, Summon Ice Beast, Blade Hands and
                  | Eringya's Noxious Bog to your library.
 34064 | Elf:3    | Got the Grimoire of Shifting Companions
 34084 | Elf:3    | Identified the +1 robe of Beogh's Righteous Fury {Fly rPois
                  | Int+5 Slay-6 SInv}
 34519 | Swamp:1  | Entered Level 1 of the Swamp
 34706 | Swamp:1  | Reached skill level 13 in Throwing
 35263 | Swamp:2  | You pick up a book of Hexes and begin reading...
 35329 | Swamp:2  | Lost mutation: Your system is resistant to poisons. (rPois)
                  | [potion of mutation]
 35329 | Swamp:2  | Lost mutation: Your flesh is heat resistant. (rF+) [potion
                  | of mutation]
 35329 | Swamp:2  | Gained mutation: Your flesh is cold resistant. (rC+)
                  | [potion of mutation]
 35329 | Swamp:2  | Gained mutation: You are somewhat resistant to further
                  | mutation. [potion of mutation]
 35329 | Swamp:2  | Gained mutation: Your system is resistant to poisons.
                  | (rPois) [potion of mutation]
 35386 | Swamp:2  | You add the spells Tukima's Dance and Passage of Golubria
                  | to your library.
 35951 | Swamp:3  | You pick up a book of Weapons and begin reading...
 35951 | Swamp:3  | You add the spells Portal Projectile and Excruciating
                  | Wounds to your library.
 36142 | Swamp:3  | Identified the +4 great sword of Xohos {flame, *Rage rF+
                  | rN+++ SInv}
 36185 | Swamp:3  | HP: 34/142 [will-o-the-wisp (3)]
 36531 | Swamp:4  | Entered Level 4 of the Swamp
 37398 | Swamp:4  | Reached skill level 14 in Throwing
 37433 | Swamp:4  | Reached skill level 18 in Dodging
 37923 | Swamp:4  | Reached XP level 18. HP: 144/144 MP: 27/27
 38346 | Swamp:4  | Paralysed by a great orb of eyes for 6 turns
 38459 | Swamp:4  | Got a decaying rune of Zot
 38895 | Vaults:1 | Entered Level 1 of the Vaults
 38906 | Vaults:1 | Reached skill level 15 in Throwing
 38950 | Vaults:1 | Found Puqiter's Jewellery Shop.
 39629 | Vaults:1 | Identified the ring of Vystiez {rElec Will+ Str+2 Stlth+}
 39636 | Vaults:1 | Reached skill level 19 in Dodging
 41171 | Vaults:2 | You pick up a book of Unlife and begin reading...
 41171 | Vaults:2 | You add the spells Animate Dead and Borgnjor's Vile Clutch
                  | to your library.
 41206 | Vaults:2 | Learned a level 6 spell: Death Channel
 41327 | Vaults:2 | Found Ruroj's Antique Weapon Shoppe.
 41364 | Vaults:2 | Reached skill level 1 in Necromancy
 41421 | Vaults:2 | Reached skill level 16 in Throwing
 41421 | Vaults:2 | Reached skill level 2 in Necromancy
 41531 | Vaults:2 | Reached XP level 19. HP: 155/155 MP: 28/28
 41586 | Vaults:2 | Noticed Boris
 41599 | Vaults:2 | Killed Boris
 41600 | Vaults:2 | Reached skill level 3 in Necromancy
 41951 | Vaults:2 | Reached skill level 4 in Necromancy
 42336 | Vaults:3 | You add the spells Animate Armour, Petrify and Freezing
                  | Cloud to your library.
 42336 | Vaults:3 | Got Jeif's Guide on the Birds and the Mountains
 42354 | Vaults:3 | Learned a level 4 spell: Animate Dead
 42370 | Vaults:3 | Reached skill level 5 in Necromancy
 42561 | Vaults:3 | Paralysed by a great orb of eyes for 4 turns
 42570 | Vaults:3 | Reached skill level 6 in Necromancy
 43068 | Vaults:3 | Found a staircase to the Crypt.
 43093 | Vaults:3 | You pick up a book of Winter and begin reading...
 43152 | Vaults:3 | Reached skill level 20 in Dodging
 43393 | Vaults:3 | Reached skill level 7 in Necromancy
 43445 | Vaults:3 | Found a portal to a secret trove of treasure.
 43448 | Vaults:3 | This trove needs 17 scrolls of teleportation to function.
                  | Give it the items?
 43888 | D:11     | Bought a scroll of teleportation for 96 gold pieces
 43888 | D:11     | Bought a scroll of teleportation for 96 gold pieces
 44194 | Vaults:3 | This trove needs 17 scrolls of teleportation to function.
                  | Give it the items?
 44194 | Vaults:3 | This trove needs 17 scrolls of teleportation to function.
                  | Give it the items?
 44197 | Vaults:3 | This trove needs 17 scrolls of teleportation to function.
                  | Give it the items?
 44197 | Vaults:3 | You paid a toll of 17 scrolls of teleportation to enter a
                  | treasure trove
 44198 | Trove    | Entered a treasure trove
 44200 | Trove    | Found the +3 warlock's mirror {reflect}
 44219 | Trove    | Identified +0 gold dragon scales
 44225 | Trove    | Identified +0 gold dragon scales
 44228 | Trove    | f - +0 gold dragon scales {rare}
 44271 | Vaults:3 | You finish putting on your +0 gold dragon scales {rare}.
 44276 | Vaults:3 | You finish taking off your +0 gold dragon scales {rare}.
 44281 | Vaults:3 | You drop +0 gold dragon scales {rare}.
 44344 | Vaults:4 | Reached skill level 8 in Necromancy
 44419 | Vaults:4 | Lost mutation: You are dopey. (Int -2) [potion of mutation]
 44419 | Vaults:4 | Lost mutation: You have a pair of small horns on your head.
                  | [potion of mutation]
 44419 | Vaults:4 | Lost mutation: Your system is resistant to poisons. (rPois)
                  | [potion of mutation]
 44419 | Vaults:4 | Gained mutation: Your spells are a little harder to cast,
                  | but a little more powerful. [potion of mutation]
 44420 | Vaults:4 | Lost mutation: Your flesh is cold resistant. (rC+) [potion
                  | of mutation]
 44420 | Vaults:4 | Lost mutation: Your spells are a little harder to cast, but
                  | a little more powerful. [potion of mutation]
 44420 | Vaults:4 | Lost mutation: You are somewhat resistant to further
                  | mutation. [potion of mutation]
 44420 | Vaults:4 | Gained mutation: Armour fits poorly on your strangely
                  | shaped body. [potion of mutation]
 44420 | Vaults:4 | Gained mutation: Your spells are a little easier to cast,
                  | but a little less powerful. [potion of mutation]
 44420 | Vaults:4 | Lost mutation: Your spells are a little easier to cast, but
                  | a little less powerful. [potion of mutation]
 44420 | Vaults:4 | Gained mutation: You have large cloven feet. [potion of
                  | mutation]
 44421 | Vaults:4 | Lost mutation: Armour fits poorly on your strangely shaped
                  | body. [potion of mutation]
 44421 | Vaults:4 | Lost mutation: You have large cloven feet. [potion of
                  | mutation]
 44421 | Vaults:4 | Gained mutation: You do not regenerate when monsters are
                  | visible. [potion of mutation]
 44421 | Vaults:4 | Gained mutation: Your mind is acute. (Int +2) [potion of
                  | mutation]
 44422 | Vaults:4 | Lost mutation: You do not regenerate when monsters are
                  | visible. [potion of mutation]
 44422 | Vaults:4 | Lost mutation: Your mind is acute. (Int +2) [potion of
                  | mutation]
 44422 | Vaults:4 | Gained mutation: You are agile. (Dex +2) [potion of
                  | mutation]
 44422 | Vaults:4 | Gained mutation: Your spells are a little easier to cast,
                  | but a little less powerful. [potion of mutation]
 44422 | Vaults:4 | Gained mutation: You are strong-willed. (Will+) [potion of
                  | mutation]
 44777 | Vaults:4 | Reached skill level 9 in Necromancy
 44902 | Vaults:4 | Reached skill level 10 in Necromancy
 44941 | Vaults:4 | HP: 34/155 [orc warlord/+1 war axe (13)]
 44952 | Vaults:4 | HP: 22/155 [vault warden/+4 vorpal great mace (12)]
 44982 | Vaults:4 | HP: 31/155 [lindwurm/blast of flame (24)]
 44983 | Vaults:4 | Reached skill level 11 in Necromancy
 45790 | Vaults:4 | Reached skill level 1 in Shields
 45827 | Vaults:4 | Reached skill level 1 in Armour
 45963 | Vaults:4 | Reached skill level 2 in Shields
 45963 | Vaults:4 | Gained mutation: Your magical and physical power is greatly
                  | enhanced at high health. [demonic ancestry]
 45963 | Vaults:4 | Reached XP level 20. HP: 79/162 MP: 29/29
 46297 | Vaults:4 | You pick up a book of Blood and begin reading...
 46297 | Vaults:4 | You add the spells Sublimation of Blood, Wereblood and
                  | Summon Hydra to your library.
 46518 | Vaults:4 | Reached skill level 2 in Armour
 46951 | Vaults:3 | Reached skill level 3 in Shields
 47124 | Vaults:3 | Noticed Boris
 47139 | Vaults:3 | Killed Boris
 47140 | Vaults:3 | Reached skill level 3 in Armour
 47830 | Vaults:3 | Found Figh's Assorted Antiques.
 47877 | Vaults:5 | Entered Level 5 of the Vaults
 47897 | Vaults:4 | HP: 35/163 [vault guard/+0 great sword (17)]
 47915 | Vaults:4 | Reached skill level 4 in Shields
 47926 | Vaults:4 | HP: 36/163 [vault guard/+0 battleaxe (6)]
 48273 | Vaults:5 | Noticed a dread lich
 48279 | Vaults:4 | Reached skill level 4 in Armour
 48611 | Vaults:4 | E - quicksilver dragon scales {rare}
 48613 | Vaults:4 | You drop quicksilver dragon scales {rare}.
 48617 | Vaults:5 | Noticed a golden dragon
 48969 | Vaults:5 | Noticed a golden dragon
 48977 | Vaults:4 | Reached skill level 5 in Shields
 49110 | Vaults:5 | Noticed a golden dragon
 49439 | Vaults:4 | Learned a level 2 spell: Wereblood
 49444 | Vaults:5 | Noticed a dread lich
 49458 | Vaults:4 | Reached skill level 5 in Armour
 49461 | Vaults:4 | Reached skill level 16 in Fighting
 49736 | Vaults:5 | Identified the +7 quarterstaff of the Endless Expanse
                  | {speed, Contam Will- Str+8 Dex+2}
 49736 | Vaults:5 | Identified the +7 plate armour of Ossysch {+Inv rElec rPois
                  | Str-3}
 49736 | Vaults:5 | Identified the ring "Duunoaj" {rElec rCorr}
 49742 | Vaults:5 | HP: 38/164 [deep elf high priest/divine providence (14)]
 50253 | Vaults:4 | Killed a dread lich
 50254 | Vaults:4 | Reached skill level 6 in Shields
 50485 | Vaults:5 | Reached skill level 6 in Armour
 50497 | Vaults:5 | Identified the +4 mace of Ivoniank {vorpal, Str+4 Int+3}
 50499 | Vaults:5 | Reached XP level 21. HP: 169/172 MP: 20/30
 50505 | Vaults:5 | Identified the ring "Emulaew" {+Blink EV+4}
 50741 | Vaults:5 | Killed a golden dragon
 50741 | Vaults:5 | Identified +0 gold dragon scales
 51367 | Vaults:5 | Killed a golden dragon
 51367 | Vaults:5 | Identified +0 gold dragon scales
 51372 | Vaults:5 | Killed a golden dragon
 51373 | Vaults:5 | Reached skill level 7 in Shields
 51399 | Vaults:5 | Reached skill level 21 in Dodging
 51613 | Vaults:5 | Killed a dread lich
 51614 | Vaults:5 | Reached skill level 7 in Armour
 51716 | Vaults:5 | a +0 chain mail; a +3 vorpal war axe {axe}; +0 gold dragon
                  | scales {rare}
 51728 | Vaults:5 | quicksilver dragon scales {rare}; a +0 arbalest {crossbow}
 51750 | Vaults:5 | Identified the +1 robe of the Hunter {SInv}
 52218 | Vaults:5 | a +0 chain mail; a +3 vorpal war axe {axe}; +0 gold dragon
                  | scales {rare}
 52717 | Vaults:5 | Got Ycor's Compendium of Execration {@e2}
 52718 | Vaults:5 | Identified the amulet "Jaybi" {Reflect rPois Will+ SH+5
                  | SInv}
 52941 | Vaults:5 | Found Heanax's Antique Weapon Shoppe.
 53163 | Vaults:5 | You pick up a book of Weapons and begin reading...
 53166 | Vaults:5 | Got the Papyrus of Beguiling
 53168 | Vaults:5 | Got a silver rune of Zot
 53517 | Snake:1  | Entered Level 1 of the Snake Pit
 53691 | Snake:1  | Reached skill level 12 in Necromancy
 54249 | Snake:1  | Noticed Donald
 54270 | Snake:1  | Killed Donald
 54544 | Snake:2  | Reached skill level 8 in Armour
 54559 | Snake:2  | Reached skill level 17 in Fighting
 55147 | Snake:2  | Found Inoczius's Armour Boutique.
 55152 | Snake:2  | Found Roxill's Assorted Antiques.
 55476 | Snake:2  | You pick up a book of the Dragon and begin reading...
 55476 | Snake:2  | You add the spells Dragon Form and Dragon's Call to your
                  | library.
 55744 | Snake:3  | Found Sintuit's Book Shoppe.
 55747 | Snake:3  | Reached skill level 8 in Shields
 57128 | Snake:4  | Entered Level 4 of the Snake Pit
 57150 | Snake:4  | Reached skill level 9 in Armour
 57474 | Snake:4  | Found Xaniv's Overcharged Wands.
 57486 | Snake:4  | Found a sparkling altar of Nemelex Xobeh.
 57491 | Snake:4  | Reached XP level 22. HP: 181/181 MP: 31/31
 57870 | Snake:4  | Reached skill level 13 in Necromancy
 58630 | Snake:4  | Reached skill level 10 in Armour
 58981 | Snake:4  | Found Doim's Book Shop.
 58982 | Snake:4  | Found Fuleaz's Jewellery Shoppe.
 58982 | Snake:4  | Found Getic's Jewellery Shoppe.
 58990 | Snake:4  | Bought a manual of Fighting for 1520 gold pieces
 59193 | Snake:4  | Got a serpentine rune of Zot
 59554 | Depths:1 | Entered Level 1 of the Depths
 59570 | Depths:1 | Reached skill level 18 in Fighting
 59775 | Depths:1 | Found a one-way gate to the infinite horrors of the Abyss.
 59800 | Depths:1 | Found a one-way gate leading to the halls of Pandemonium.
 59800 | Depths:1 | Paralysed by a floating eye for 3 turns
 60003 | Depths:1 | Reached skill level 19 in Fighting
 60027 | Depths:1 | Found a gateway to Hell.
 60501 | Depths:1 | You pick up a book of the Warp and begin reading...
 60553 | Depths:1 | Found a hazy altar of Hepliaklqana.
 60737 | Depths:2 | Found a one-way gateway to a ziggurat.
 60766 | Depths:2 | Reached skill level 20 in Fighting
 61301 | Depths:2 | Noticed Boris
 61308 | Depths:2 | Killed Boris
 61409 | Depths:2 | Found Baprom's Jewellery Emporium.
 61549 | Depths:2 | You pick up a book of Hexes and begin reading...
 61937 | Depths:2 | the Enchantress comes into view. She is wielding a +3
                  | rapier of distortion, wearing the +1 faerie dragon scales
                  | {rCorr Dex+3} and wearing a +1 buckler of positive energy.
 61937 | Depths:2 | Noticed the Enchantress
 61959 | Depths:2 | Killed the Enchantress
 62073 | Depths:2 | Could not pick up a +10 quick blade {shortrare=g} here;
                  | ([A]lways) ignore it?
 62077 | Depths:2 | C - a +10 quick blade {shortrare=g}
 62343 | Depths:3 | Reached XP level 23. HP: 155/199 MP: 23/32
 62777 | Depths:3 | C - a +10 quick blade (weapon) {shortrare=g}
 63407 | Depths:3 | Found an opulent altar of Gozag.
 63548 | Depths:3 | Reached skill level 14 in Necromancy
 63597 | Depths:3 | Reached skill level 11 in Armour
 63682 | Depths:3 | Found a shimmering blue altar of Sif Muna.
 63887 | Depths:3 | Noticed a dread lich
 63888 | Depths:3 | Noticed a dread lich
 63894 | Depths:3 | You are cast into the Abyss!
 63894 | Depths:3 | Cast into level 3 of the Abyss (a deep elf sorcerer)
 63894 | Abyss:3  | Found a corrupted altar of Lugonu.
 64136 | Abyss:5  | Entered Level 5 of the Abyss
 64426 | Depths:3 | You pass through the gate.
 64426 | Depths:3 | Escaped the Abyss
 64440 | Depths:3 | Killed a dread lich
 64445 | Depths:3 | Killed a dread lich
 64446 | Depths:3 | Reached skill level 22 in Dodging
 64671 | Depths:3 | You add the spells Sticky Flame and Fire Storm to your
                  | library.
 64671 | Depths:3 | Got the Volume of Destructive Flight
 64673 | Depths:3 | You pick up a book of the Tundra and begin reading...
 64690 | Depths:3 | Got the Disquisition on Ignition
 64692 | Depths:3 | You add the spells Gell's Gravitas and Teleport Other to
                  | your library.
 64780 | Depths:3 | Got the Incunabulum of Shape Shifting and Confrontation
 64826 | Depths:3 | Found the +3 Mad Mage's Maulers {Infuse+∞ RegenMP Int-3}
 64830 | Depths:3 | Got the Almanac of Warped Weightlessness
 64863 | Depths:3 | Got the Disquisition on Conjuration {@e2}
 64874 | Depths:3 | Got Sif Muna's Almanac of Fiery Evil Magic
 65003 | Depths:3 | HP: 44/199 [burnt (14)]
 65034 | Depths:3 | HP: 47/199 [smoke demon/divine providence (11)]
 65553 | Depths:3 | You pick up a book of the Tundra and begin reading...
 65554 | Depths:3 | Identified the +5 scale mail "Ibuatyeh" {rPois Will+}
 65577 | Depths:3 | You drop a +10 quick blade {shortrare=g}.
 65582 | Depths:3 | C - a +10 quick blade {shortrare=g}
 65588 | Depths:3 | Identified the +1 whip of Collusion {venom, Will+}
 66168 | Vaults:3 | You drop a +10 quick blade {shortrare=g}.
 66494 | Depths:4 | Entered Level 4 of the Depths
 66678 | Depths:4 | Reached skill level 12 in Armour
 66749 | Depths:4 | HP: 28/199 [living spell/crystal spear[a walking crystal
                  | tome] (35)]
 67009 | Depths:4 | Noticed Sojobo
 67015 | Depths:4 | HP: 47/199 [fire giant/fireball[Sojobo] (50)]
 67021 | Depths:4 | HP: 31/196 [Sojobo/the air (13)]
 67110 | Depths:4 | HP: 45/199 [Sojobo/the air (15)]
 67117 | Depths:4 | HP: 38/199 [Sojobo/+1 great sword of electrocution (10)]
 67119 | Depths:4 | Killed Sojobo
 68148 | Depths:4 | Found a gate to the Realm of Zot.
 69008 | Crypt:1  | Entered Level 1 of the Crypt
 69105 | Crypt:1  | Reached skill level 13 in Armour
 69802 | Crypt:1  | Noticed Boris
 69815 | Crypt:1  | Killed Boris
 70713 | Crypt:2  | Reached skill level 23 in Dodging
 70858 | Crypt:2  | Noticed Boris
 70871 | Crypt:2  | Killed Boris
 71261 | Crypt:2  | Gained mutation: You are completely covered in sharp
                  | spines. [demonic ancestry]
 71261 | Crypt:2  | Reached XP level 24. HP: 195/206 MP: 32/32
 72453 | Crypt:3  | Entered Level 3 of the Crypt
 72636 | Crypt:3  | Reached skill level 14 in Armour
 73341 | Crypt:3  | Got the Handbook of Enchanting Sinister Magic
 73735 | Crypt:3  | Found a staircase to the Tomb.
 74323 | Crypt:3  | Noticed a dread lich
 74333 | Crypt:3  | Killed a dread lich
 74348 | Crypt:3  | Got Vywner's Almanac of Aerial Ice
 74357 | Crypt:3  | Identified the +8 mace of Poir {venom, rElec}
 74361 | Crypt:3  | You pick up a book of Storms and begin reading...
 74625 | Crypt:3  | Found an ancient bone altar of Kikubaaqudgha.
 75472 | Crypt:3  | Noticed a curse skull
 75478 | Crypt:3  | Killed a curse skull
 75487 | Crypt:3  | Noticed a curse skull
 75866 | Crypt:3  | HP: 45/206 [??? (43)]
 75867 | Crypt:3  | Killed a curse skull
 75895 | Crypt:3  | Reached skill level 15 in Armour
 76251 | Crypt:3  | Identified the +6 hand crossbow "Umnyabuh" {venom, *Corrode
                  | rF- rN+ Str+6}
 76256 | Crypt:3  | You pick up a book of Winter and begin reading...
 76289 | Crypt:3  | magus.rc [v1.9.6]
 77117 | Slime:1  | Entered Level 1 of the Pits of Slime
 77168 | Slime:5  | Entered Level 5 of the Pits of Slime
 77203 | Slime:5  | Reached skill level 24 in Dodging
 77299 | Slime:5  | Noticed the Royal Jelly
 77323 | Slime:5  | Killed the Royal Jelly
 77326 | Slime:5  | HP: 43/206 [acid blob/splash of acid[the Royal Jelly] (17)]
 77337 | Slime:5  | HP: 38/206 [acid blob/splash of acid[the Royal Jelly] (8)]
 77369 | Slime:5  | HP: 45/206 [azure jelly[the Royal Jelly] (5)]
 77841 | Slime:5  | Identified the +0 pair of boots "Axzel" {rPois SInv Stlth+}
 77873 | Slime:5  | You pick up a book of Winter and begin reading...
 78120 | Slime:5  | You pick up a book of Debilitation and begin reading...
 78120 | Slime:5  | You add the spells Slow and Vampiric Draining to your
                  | library.
 78149 | Slime:5  | Got the Papyrus of Igneous Conjuration {@e2}
 78171 | Slime:5  | You pick up a book of Lightning and begin reading...
 78173 | Slime:5  | Got a slimy rune of Zot
 78174 | Slime:5  | Identified the +3 demon whip of Uhumibith {pain, rPois}
 78179 | Slime:5  | Identified the +5 shortbow of Ifirgh {freeze, rElec}
 78570 | Slime:5  | Acquired 949 gold pieces
 78620 | Slime:4  | Gained mutation: Your spells are easier to cast, but less
                  | powerful. [a shining eye]
 79351 | Slime:1  | Reached skill level 25 in Dodging
 80130 | Zot:1    | Entered Level 1 of the Realm of Zot
 80171 | Zot:1    | Noticed a curse toe
 80184 | Zot:1    | HP: 50/206 [??? (48)]
 80185 | Zot:1    | Reached XP level 25. HP: 52/213 MP: 32/32
 80574 | Zot:1    | Killed a curse toe
 80866 | Depths:4 | magus.rc [v1.9.6]
 80946 | Hell     | Entered the Vestibule of Hell
 80946 | Hell     | Noticed Geryon
 80970 | Hell     | HP: 52/213 [hell beast[Geryon] (13)]
 80973 | Hell     | HP: 3/213 [reaper/+4 scythe of protection (24)]
 80974 | Hell     | Slain by a reaper

Vanquished Creatures
  the Royal Jelly (Slime:5)
  5 dread liches
  Sojobo (Depths:4)
  Boris (5 times) (Vaults:2 Vaults:3 Depths:2 Crypt:1 Crypt:2)
  A curse toe (Zot:1)
  A golden dragon (Vaults:5)
  2 bone dragons
  Rupert (Lair:3)
  Jorgrun (D:15)
  A walking crystal tome (Depths:4)
  9 liches
  A tentacled monstrosity (Vaults:4)
  2 deep elf blademasters (Elf:3)
  2 quicksilver dragons
  2 titans
  5 deep elf master archers
  Frances (D:14)
  A death cob (Zot:1)
  2 sphinxes
  20 acid blobs
  4 tentacled starspawn (Abyss:3)
  A thorn hunter (Swamp:1)
  4 storm dragons
  6 tengu reavers
  6 shadow dragons
  2 nagarajas (Snake:4)
  Donald (Snake:1)
  2 revenants
  A fenstrider witch (Swamp:4)
  7 rockslimes
  6 azure jellies
  4 fire giants
  5 deep elf sorcerers
  3 balrugs
  2 deep elf elementalists (Elf:3)
  2 cacodemons (Depths:3)
  3 frost giants
  22 vault wardens
  A caustic shrike zombie (Crypt:3)
  2 orc warlords
  6 ghouls
  2 curse skulls (Crypt:3)
  A draconian annihilator (Depths:4)
  21 ironbound preservers
  3 spriggan defenders (Depths:2)
  4 reapers
  4 war gargoyles
  8 stone giants
  8 ironbound thunderhulks
  7 quicksilver oozes
  18 very ugly things
  13 deep elf demonologists
  5 vampire knights
  2 entropy weavers (Vaults:1)
  2 eleionomae
  3 lorocyprocas
  6 deep elf annihilators
  A yellow draconian (Depths:4)
  8 dire elephants
  6 bunyips
  3 spark wasps (Depths:4)
  2 white draconians (Depths:4)
  8 fire dragons
  A crystal guardian (Vaults:4)
  12 deep elf death magi
  A blizzard demon (Depths:3)
  Snorg (Lair:3)
  8 eidola
  4 green deaths
  6 ettins
  A mummy priest (Crypt:3)
  8 great orbs of eyes
  11 jiangshi
  A merfolk impaler (Depths:4)
  7 deep elf high priests
  2 shambling mangroves
  9 yaktaur captains
  4 ice dragons
  A fenstrider witch zombie (Crypt:3)
  3 ogre magi
  3 rakshasas
  A hell beast (Swamp:4)
  27 vault guards
  A quicksilver dragon skeleton (Depths:1)
  23 hydras
  2 peacekeepers (Vaults:4)
  7 spriggan air magi
  3 salamander tyrants (Snake:4)
  A fenstrider witch skeleton (Crypt:1)
  2 spriggan skeletons (Crypt:3)
  Harold (Lair:1)
  2 ghost crabs
  2 caustic shrike simulacra
  5 boulder beetles
  2 catoblepae
  17 centaur warriors
  3 ironbound frosthearts
  14 anacondas
  4 two-headed ogres
  5 alligators
  8 vampire magi
  11 naga warriors
  4 thrashing horrors (Abyss:3)
  13 deep troll earth magi
  8 deep troll shamans
  Urug (D:12)
  15 dancing weapons
  8 hell knights
  6 shock serpents
  6 orc high priests
  6 naga sharpshooters
  9 spriggan berserkers
  8 soul eaters
  4 tengu warriors
  A spatial maelstrom (Abyss:3)
  Sonja (Lair:4)
  Amaemon (Lair:1)
  6 sun demons
  12 deep elf knights
  3 sixfirhies
  4 wretched stars
  8 iron trolls
  11 skeletal warriors
  An entropy weaver zombie (Crypt:2)
  11 salamander mystics
  A storm dragon skeleton (Vaults:4)
  2 flayed ghosts
  8 goliath frogs
  An iron giant zombie (Crypt:1)
  40 deep trolls
  5 swamp dragons
  4 spriggan druids
  A glowing orange brain (Depths:1)
  7 lindwurms
  A shadow demon (Depths:3)
  9 sea snakes (Snake:3)
  11 deep elf archers
  An obsidian statue (Depths:3)
  5 naga ritualists
  A tengu zombie (Depths:1)
  4 harpies (Vaults:1)
  8 bog bodies
  A bunyip skeleton (Crypt:2)
  24 ironbound convokers
  A shadow dragon zombie (Crypt:3)
  An anaconda zombie (Crypt:3)
  39 deep elf zephyrmancers
  8 wizards
  5 orc sorcerers
  17 phantasmal warriors
  23 deep elf pyromancers
  A sphinx zombie (Vaults:4)
  3 wolf spiders (shapeshifter)
  19 mana vipers
  18 necromancers
  A shadow dragon skeleton (Crypt:3)
  An anaconda skeleton (Crypt:3)
  7 orc knights
  A shining eye (Slime:1)
  27 ugly things
  4 will-o-the-wisps
  13 salamanders
  3 wolf spiders (Crypt:3)
  3 manticores
  A jorogumo skeleton (Crypt:1)
  A faun (shapeshifter) (Vaults:4)
  A fire giant zombie (Vaults:4)
  An iron dragon zombie (Crypt:3)
  6 cyclopes
  6 moths of wrath (Zot:1)
  2 naga zombies
  2 human skeletons (Vaults:4)
  A frost giant zombie (Vaults:4)
  A stone giant skeleton (Crypt:1)
  4 elephants (Lair:4)
  Joseph (Lair:1)
  2 fire giant skeletons
  3 centaur zombies
  An elephant (shapeshifter) (D:15)
  2 worldbinders (Abyss:3)
  3 orange demons
  2 rust devils
  7 smoke demons
  2 dire elephant zombies (Crypt:3)
  A guardian serpent (shapeshifter) (Elf:1)
  2 guardian serpents
  32 black mambas
  An alligator snapping turtle zombie (Crypt:1)
  An eye of devastation (shapeshifter) (Vaults:2)
  16 cane toads
  An unseen horror (D:11)
  2 gargoyles (D:12)
  22 vault sentinels
  18 naga magi
  7 centaur skeletons
  2 demonic crawlers
  A torpor snail (Lair:6)
  A dire elephant skeleton (Crypt:1)
  2 kobold demonologists
  9 komodo dragons
  6 rime drakes (Lair:6)
  6 freezing wraiths
  25 yaktaurs
  A minotaur skeleton (Crypt:2)
  13 hellwings
  2 harpy zombies (Crypt:3)
  3 tengu conjurers
  2 catoblepas skeletons (Abyss:3)
  3 ancient zymes
  3 guardian mummies (Crypt:3)
  A death yak skeleton (Crypt:1)
  An ice devil (Depths:3)
  3 bloated husks
  3 meliai (D:14)
  A red devil (Depths:3)
  2 hydra skeletons
  A wolf spider simulacrum (D:15)
  3 polar bears
  14 hornets
  7 tyrant leeches
  23 blink frogs
  5 large abominations
  A frost giant simulacrum (Depths:1)
  A dream sheep (shapeshifter) (Vaults:5)
  76 slime creatures
  3 dream sheep
  A harpy skeleton (Crypt:3)
  2 ettin zombies
  3 air elementals
  2 jumping spiders (Crypt:3)
  A centaur simulacrum (D:15)
  20 spriggans
  2 ynoxinuls (Abyss:3)
  17 flying skulls
  8 wyverns
  7 vampires
  9 wraiths
  An ettin skeleton (Crypt:3)
  51 yaks
  4 shadows (Swamp:4)
  A fire bat (Abyss:3)
  13 water elementals
  6 golden eyes (Slime:5)
  7 fire elementals
  A human (shapeshifter) (D:13)
  Eustachio (D:6)
  4 steam dragons
  9 vampire mosquitoes
  8 basilisks
  4 neqoxecs
  3 wargs
  8 redbacks
  3 harpy simulacra (Hell)
  A chaos spawn (Depths:3)
  2 small abominations
  13 swamp worms
  A naga (shapeshifter) (Vaults:1)
  38 nagas
  21 water moccasins
  A demonspawn skeleton (Crypt:2)
  2 floating eyes
  6 swamp drakes
  2 ice beasts
  7 black bears
  A fire dragon simulacrum (Crypt:1)
  30 orc warriors
  6 ogres
  20 wolves
  2 dream sheep skeletons (Crypt:1)
  An ogre (shapeshifter) (Vaults:4)
  A torpor snail zombie (Crypt:1)
  13 centaurs
  14 bullfrogs
  A fire crab zombie (Crypt:2)
  4 kobold brigands
  A gnoll sergeant (D:12)
  5 scorpions
  3 necrophages
  2 earth elementals
  8 wyvern skeletons (Crypt:3)
  4 wights (D:6)
  A queen bee zombie (Crypt:1)
  A human simulacrum (Vaults:4)
  11 killer bees
  3 spriggan zombies
  3 howler monkeys (D:7)
  An electric eel (Lair:5)
  A crimson imp (Abyss:3)
  3 starcursed masses (Abyss:3)
  2 hounds
  7 jellies
  3 gnoll shamans
  22 orc priests
  An iron imp (Abyss:3)
  9 iguanas
  21 orc wizards
  A mummy (D:7)
  10 gnolls
  7 adders
  A swamp drake skeleton (Crypt:2)
  A shadow imp (D:7)
  2 white imps
  2 worms (D:3)
  4 dart slugs
  60 orcs
  6 ball pythons
  6 bats
  7 endoplasms
  2 giant cockroaches
  A gnoll zombie (Crypt:2)
  8 goblins
  2 hobgoblins
  2 jackals (D:4)
  8 kobolds
  3 quokkas (D:2)
  4 frilled lizards
  2 hobgoblin zombies (D:7)
  A kobold zombie (D:7)
  An orc skeleton (Crypt:2)
  An orc zombie (D:7)
  5 rats
  A lurking horror (Abyss:5)
  3 starspawn tentacles (Abyss:3)
  A withered plant (Crypt:3)
2012 creatures vanquished.

Vanquished Creatures (collateral kills)
  2 golden dragons (Vaults:5)
  the Enchantress (Depths:2)
  A lich (Vaults:5)
  2 titans (Vaults:5)
  6 acid blobs
  A tengu reaver (Depths:4)
  2 nagarajas (Snake:4)
  A frost giant (Depths:1)
  2 fire giants
  An iron dragon (Vaults:5)
  A fire giant (shapeshifter) (Elf:3)
  2 very ugly things (Vaults:4)
  An ironbound preserver (Vaults:5)
  A quicksilver ooze (Slime:5)
  A yellow draconian (Depths:4)
  A stone giant (Depths:1)
  A deep elf demonologist (Vaults:5)
  2 yaktaur captains (Vaults:5)
  6 vault guards
  2 great orbs of eyes
  A spriggan air mage (Depths:4)
  An anaconda (Snake:4)
  4 naga warriors
  A tengu warrior (Depths:1)
  A deep troll shaman (Depths:4)
  A shock serpent (Snake:4)
  3 naga sharpshooters (Snake:4)
  A hell knight (Hell)
  3 spriggans
  A deep elf knight (Elf:2)
  A salamander mystic (Snake:4)
  3 deep trolls
  2 iron trolls
  A glowing orange brain (Depths:1)
  3 naga ritualists (Snake:4)
  A swamp dragon (Lair:6)
  A necromancer (D:15)
  A deep elf archer (Elf:1)
  A jorogumo zombie (Crypt:2)
  An ironbound convoker (Vaults:5)
  A deep elf zephyrmancer (Elf:2)
  6 mana vipers
  3 shining eyes
  A salamander (Snake:4)
  An ugly thing (Depths:1)
  A frost giant skeleton (Depths:1)
  2 guardian serpents (Snake:4)
  A naga mage (Snake:4)
  A vault sentinel (Vaults:5)
  7 black mambas (Snake:4)
  2 eyes of devastation
  A yaktaur (Vaults:2)
  An ice devil (Depths:3)
  A hellwing (Crypt:3)
  3 hornets
  17 slime creatures
  A dream sheep (shapeshifter) (Vaults:5)
  2 water elementals
  17 nagas
  A warg (D:10)
  3 orc priests (Orc:2)
  A gnoll (D:10)
  2 orcs
  A kobold (D:10)
146 creatures vanquished.

Vanquished Creatures (others)
  A deep elf pyromancer (Elf:3)
  A spriggan (Depths:1)
  2 water elementals
  A gnoll (D:9)
  3 orcs
  A kobold (D:10)
  7 foxfires
  43 fungi
  A lurking horror (Abyss:5)
  196 plants
  9 starspawn tentacles (Abyss:3)
  28 withered plants (Crypt:3)
293 creatures vanquished.

Grand Total: 2451 creatures vanquished

Table legend:
 A = Non-vault XP
 B = Vault XP
 C = Vault XP percentage of total XP
 D = Non-vault monster count
 E = Vault monster count
 F = Vault count percentage of total count
                 A         B        C        D         E       F
            +---------+---------+-------+---------+---------+-------
      Total |  618543 |  539692 |  46.6 |    1334 |     804 |  37.6
            +---------+---------+-------+---------+---------+-------
        D:1 |      27 |       0 |   0.0 |      15 |       0 |   0.0
        D:2 |      43 |       0 |   0.0 |      17 |       0 |   0.0
        D:3 |      44 |       0 |   0.0 |       9 |       0 |   0.0
        D:4 |     293 |       0 |   0.0 |      16 |       0 |   0.0
        D:5 |    1145 |     100 |   8.0 |      16 |       2 |  11.1
        D:6 |    1515 |     182 |  10.7 |      25 |       1 |   3.8
        D:7 |     817 |     313 |  27.7 |      19 |       9 |  32.1
        D:8 |     847 |       0 |   0.0 |      12 |       0 |   0.0
        D:9 |    2966 |       0 |   0.0 |      26 |       0 |   0.0
       D:10 |    3868 |     631 |  14.0 |      27 |       7 |  20.6
       D:11 |    3029 |       0 |   0.0 |      16 |       0 |   0.0
       D:12 |    6699 |     798 |  10.6 |      20 |       1 |   4.8
       D:13 |    5451 |    7612 |  58.3 |      13 |      19 |  59.4
       D:14 |    6723 |    1563 |  18.9 |      13 |       1 |   7.1
       D:15 |   10611 |    6322 |  37.3 |      18 |      10 |  35.7
     Lair:1 |    5981 |    4336 |  42.0 |      25 |      11 |  30.6
     Lair:2 |    2251 |    1006 |  30.9 |      13 |       2 |  13.3
     Lair:3 |    6776 |    5529 |  44.9 |      26 |      15 |  36.6
     Lair:4 |    8694 |    3897 |  31.0 |      29 |      11 |  27.5
     Lair:5 |    5003 |    1929 |  27.8 |      20 |      11 |  35.5
     Lair:6 |    4653 |   11962 |  72.0 |      10 |      37 |  78.7
    Swamp:1 |    8235 |     399 |   4.6 |      16 |       3 |  15.8
    Swamp:2 |    8040 |       0 |   0.0 |      14 |       0 |   0.0
    Swamp:3 |   18488 |       0 |   0.0 |      34 |       0 |   0.0
    Swamp:4 |   19529 |   23009 |  54.1 |      41 |      32 |  43.8
    Snake:1 |   20176 |    1364 |   6.3 |      41 |       1 |   2.4
    Snake:2 |   12791 |    7001 |  35.4 |      27 |      11 |  28.9
    Snake:3 |    9857 |    9044 |  47.8 |      24 |      12 |  33.3
    Snake:4 |   34610 |   28367 |  45.0 |      66 |      48 |  42.1
    Slime:1 |   14829 |       0 |   0.0 |      26 |       0 |   0.0
    Slime:2 |    2346 |       0 |   0.0 |       5 |       0 |   0.0
    Slime:3 |    8368 |       0 |   0.0 |      13 |       0 |   0.0
    Slime:4 |    9809 |       0 |   0.0 |      14 |       0 |   0.0
    Slime:5 |   14262 |   24120 |  62.8 |      25 |      18 |  41.9
      Orc:1 |     166 |       0 |   0.0 |       5 |       0 |   0.0
      Orc:2 |    3464 |   10470 |  75.1 |      34 |      71 |  67.6
      Elf:1 |   16946 |   12421 |  42.3 |      29 |      28 |  49.1
      Elf:2 |   23996 |    7647 |  24.2 |      38 |      10 |  20.8
      Elf:3 |   15908 |   28534 |  64.2 |      27 |      26 |  49.1
   Vaults:1 |   22494 |   20266 |  47.4 |      35 |      28 |  44.4
   Vaults:2 |    7013 |   16946 |  70.7 |      17 |      19 |  52.8
   Vaults:3 |   32779 |   25839 |  44.1 |      40 |      39 |  49.4
   Vaults:4 |   45939 |   81352 |  63.9 |      60 |      83 |  58.0
   Vaults:5 |   14006 |   51068 |  78.5 |      18 |      42 |  70.0
    Crypt:1 |   27519 |    1933 |   6.6 |      38 |       3 |   7.3
    Crypt:2 |   23840 |       0 |   0.0 |      42 |       0 |   0.0
    Crypt:3 |       0 |   61851 | 100.0 |       0 |     105 | 100.0
   Depths:1 |   30527 |    4635 |  13.2 |      43 |       6 |  12.2
   Depths:2 |   22611 |   16030 |  41.5 |      20 |      16 |  44.4
   Depths:3 |   24811 |   42523 |  63.2 |      31 |      46 |  59.7
   Depths:4 |   33522 |   15972 |  32.3 |      47 |      11 |  19.0
       Hell |    5743 |    2721 |  32.1 |       9 |       5 |  35.7
      Zot:1 |    8483 |       0 |   0.0 |       9 |       0 |   0.0
    Abyss:3 |       0 |       0 |   N/A |      55 |       4 |   6.8
    Abyss:5 |       0 |       0 |   N/A |       6 |       0 |   0.0
            +---------+---------+-------+---------+---------+-------

Illustrated notes

Table legend:
 A = Kills in this place as a percentage of kills in entire the game.
 B = Kills by you in this place as a percentage of kills by you in the entire game.
 C = Kills by friends in this place as a percentage of kills by friends in the entire game.
 D = Other kills in this place as a percentage of other kills in the entire game.
 E = Experience gained in this place as a percentage of experience gained in the entire game.
 F = Experience gained in this place divided by the number of levels of this place that you have seen.
                   A       B       C       D       E      F
               +-------+-------+-------+-------+-------+----------------------
         Total | 100.0 | 100.0 | 100.0 | 100.0 | 100.0 | 19303.9
       Dungeon |  14.6 |  15.4 |   3.4 |  25.0 |   5.3 | 4106.6
          Lair |   9.8 |  10.5 |   0.7 |   0.0 |   5.4 | 10336.2
         Swamp |   6.5 |   6.9 |   2.1 |   0.0 |   6.7 | 19425.0
     Snake Pit |  10.8 |   9.1 |  33.8 |   0.0 |  10.6 | 30802.5
    Slime Pits |   4.7 |   3.6 |  20.7 |   0.0 |   6.4 | 14746.8
  Orcish Mines |   5.1 |   5.3 |   2.8 |   0.0 |   1.2 | 7050.0
   Elven Halls |   7.4 |   7.7 |   2.8 |  25.0 |   9.1 | 35150.7
        Vaults |  17.8 |  18.0 |  15.2 |   0.0 |  27.4 | 63540.4
         Crypt |   8.8 |   9.4 |   1.4 |   0.0 |   9.9 | 38381.0
        Depths |  10.3 |   9.8 |  16.6 |  50.0 |  16.5 | 47657.8
          Hell |   0.7 |   0.7 |   0.7 |   0.0 |   0.7 | 8464.0
           Zot |   0.4 |   0.5 |   0.0 |   0.0 |   0.7 | 8483.0
         Abyss |   3.0 |   3.3 |   0.0 |   0.0 |   0.0 |   0.0
               +-------+-------+-------+-------+-------+----------------------

Table legend: (Time is in decaauts)
 A = Elapsed time spent in this place.
 B = Non-inter-level travel time spent in this place.
 C = Inter-level travel time spent in this place.
 D = Time resting spent in this place.
 E = Time spent auto-exploring this place.
 F = Levels seen in this place.
 G = Mean time per level.
                   A        B        C        D        E       F      G
               +--------+--------+--------+--------+--------+-----+--------+
         Total | 110771 |  98386 |  12385 |  21659 |  63547 |  60 | 1846.2 |
       Dungeon |  22608 |  19166 |   3442 |   2093 |  15043 |  15 | 1507.2 |
        Temple |    377 |    319 |     58 |      0 |    305 |   1 |  377.0 |
          Lair |  13779 |  12311 |   1468 |   1728 |   9342 |   6 | 2296.5 |
         Swamp |   5559 |   5267 |    292 |   1643 |   2844 |   4 | 1389.8 |
     Snake Pit |   9019 |   8501 |    518 |    555 |   6807 |   4 | 2254.8 |
    Slime Pits |   3457 |   3244 |    213 |    729 |   1718 |   5 |  691.4 |
  Orcish Mines |   3095 |   2908 |    187 |    967 |   1454 |   2 | 1547.5 |
   Elven Halls |   8155 |   7369 |    786 |   2126 |   4015 |   3 | 2718.3 |
        Vaults |  20555 |  17702 |   2853 |   6342 |   9286 |   5 | 4111.0 |
         Crypt |   9847 |   8731 |   1116 |   1952 |   5716 |   3 | 3282.3 |
        Depths |  12181 |  10744 |   1437 |   3059 |   6232 |   4 | 3045.2 |
          Hell |     19 |     19 |      0 |      0 |      0 |   1 |   19.0 |
           Zot |    126 |    116 |     10 |      0 |     41 |   1 |  126.0 |
         Abyss |   1886 |   1886 |      0 |    462 |    736 |   5 |  377.2 |
         Trove |    101 |    101 |      0 |      0 |      3 |   1 |  101.0 |
               +--------+--------+--------+--------+--------+-----+--------+

Top non-repeatable levels by time:
Vaults:4: 6382 daAuts
Vaults:3: 5293 daAuts
 Crypt:3: 4911 daAuts
Depths:3: 4187 daAuts
  Lair:1: 3858 daAuts
Vaults:1: 3837 daAuts
   Elf:3: 3603 daAuts
Depths:4: 3494 daAuts
   Orc:2: 2965 daAuts
 Crypt:2: 2933 daAuts
     D:9: 2927 daAuts
  Lair:6: 2896 daAuts
Vaults:5: 2797 daAuts
 Snake:3: 2767 daAuts
Depths:2: 2612 daAuts
